Workbook
Name Print_Area: '№ 3 р.п'!$A$1:$E$49
Name Print_Area: '№ 4 ведом'!$A$1:$H$991
Name Print_Area: '№ 6 МП'!$A$1:$F$599

Sheet № 1 источ 
A1: Приложение 1
A2: к решению Торжокской городской Думы
A3: от 23.12.2025 № 29
A4: (в редакции решения Думы Торжокского муниципального округа Тверской области от 22.10.2026 № 97)
A6: Источники финансирования дефицита бюджета
A7: муниципального образования город Торжок на 2026 год и на плановый период 2027 и 2028 годов
A9: Код БК РФ | B9: Наименование | C9: Сумма, тыс. руб.
C10: 2026 год | D10: плановый период
D11: 2027 год | E11: 2028 год
A12: 1 | B12: 2 | C12: 3 | D12: 4 | E12: 5
A13: 000 01 00 00 00 00 0000 000 | B13: ИСТОЧНИКИ ВНУТРЕННЕГО ФИНАНСИРОВАНИЯ ДЕФИЦИТОВ БЮДЖЕТОВ | C13: =C14 -> 113134.9 | D13: =D14 -> 0 | E13: =E14 -> 0
A14: 000 01 05 00 00 00 0000 000 | B14: Изменение остатков средств на счетах по учету средств бюджетов | C14: =C15+C19 -> 113134.9 | D14: =D15+D19 -> 0 | E14: =E15+E19 -> 0
A15: 000 01 05 00 00 00 0000 500 | B15: Увеличение остатков средств бюджетов | C15: =C16 -> -1724648.7 | D15: =D16 -> -1554607.2 | E15: =E16 -> -1419226.1
A16: 000 01 05 02 00 00 0000 500 | B16: Увеличение прочих остатков средств бюджетов | C16: =C17 -> -1724648.7 | D16: =D17 -> -1554607.2 | E16: =E17 -> -1419226.1
A17: 000 01 05 02 01 00 0000 510 | B17: Увеличение прочих остатков денежных средств бюджетов | C17: =C18 -> -1724648.7 | D17: =D18 -> -1554607.2 | E17: =E18 -> -1419226.1
A18: 000 01 05 02 01 04 0000 510 | B18: Увеличение прочих остатков денежных средств бюджетов городских округов | C18: -1724648.7 | D18: =-1554607.2 -> -1554607.2 | E18: -1419226.1
A19: 000 01 05 00 00 00 0000 600 | B19: Уменьшение остатков средств бюджетов | C19: =C20 -> 1837783.6 | D19: =D20 -> 1554607.2 | E19: =E20 -> 1419226.1
A20: 000 01 05 02 00 00 0000 600 | B20: Уменьшение прочих остатков средств бюджетов | C20: =C21 -> 1837783.6 | D20: =D21 -> 1554607.2 | E20: =E21 -> 1419226.1
A21: 000 01 05 02 01 00 0000 610 | B21: Уменьшение прочих остатков денежных средств бюджетов | C21: =C22 -> 1837783.6 | D21: =D22 -> 1554607.2 | E21: =E22 -> 1419226.1
A22: 000 01 05 02 01 04 0000 610 | B22: Уменьшение прочих остатков денежных средств бюджетов городских округов | C22: 1837783.6 | D22: =1534607.2+20000 -> 1554607.2 | E22: 1419226.1

Sheet № 2 дох.
C1: Приложение 2
B2: к решению Торжокской городской Думы
C3: от 23.12.2025 № 29
B4: (в редакции решения Думы Торжокского муниципального округа Тверской области от 22.10.2026 № 97)
A7: Прогнозируемые доходы бюджета муниципального образования город Торжок по группам, подгруппам, статьям, подстатьям и элементам доходов классификации доходов бюджетов Российской Федерации на 2026 год и на плановый период 2027 и 2028 годов
A9: Код классификации Российской Федерации | B9: Наименование дохода | C9: Сумма, тыс. руб.
C10: 2026 год | D10: 2027 год | E10: 2028 год
A11: 000 1 00 00000 00 0000 000 | B11: НАЛОГОВЫЕ И НЕНАЛОГОВЫЕ ДОХОДЫ | C11: =C12+C25+C35+C43+C51+C54+C71+C80+C111+C67 -> 667548.3 | D11: =D12+D25+D35+D43+D51+D54+D71+D80+D111+D67 -> 625332.6 | E11: =E12+E25+E35+E43+E51+E54+E71+E80+E111+E67 -> 602263
A12: 000 1 01 00000 00 0000 000 | B12: НАЛОГИ НА ПРИБЫЛЬ, ДОХОДЫ | C12: =C13 -> 429934.3 | D12: =D13 -> 414132.9 | E12: =E13 -> 390453.3
A13: 000 1 01 02000 01 0000 110 | B13: Налог на доходы физических лиц | C13: =SUM(C14:C24) -> 429934.3 | D13: =SUM(D14:D24) -> 414132.9 | E13: =SUM(E14:E24) -> 390453.3
A14: 000 1 01 02010 01 0000 110 | B14: Налог на доходы физических лиц с доходов, источником которых является налоговый агент, за исключением доходов, в отношении которых исчисление и уплата налога осуществляются в соответствии со статьями 227, 227.1 и 228 Налогового кодекса Российской Федерации, а также доходов от долевого участия в организации, полученных физическим лицом - налоговым резидентом Российской Федерации в виде дивидендов (в части суммы налога, не превышающей 650 тысяч рублей за налоговые периоды до 1 января 2025 года, а также в части суммы налога, не превышающей 312 тысяч рублей за налоговые периоды после 1 января 2025 года), а также налог на доходы физических лиц в отношении доходов от долевого участия в организации, полученных физическим лицом, не являющимся налоговым резидентом Российской Федерации, в виде дивидендов | C14: 393773.7 | D14: 377804.1 | E14: 352245.8
A15: 000 1 01 02020 01 0000 110 | B15: Налог на доходы физических лиц с доходов, полученных от осуществления деятельности физическими лицами, зарегистрированными в качестве индивидуальных предпринимателей, нотариусов, занимающихся частной практикой, адвокатов, учредивших адвокатские кабинеты, и других лиц, занимающихся частной практикой в соответствии со статьей 227 Налогового кодекса Российской Федерации (в части суммы налога, не превышающей 650 тысяч рублей за налоговые периоды до 1 января 2025 года, а также в части суммы налога, не превышающей 312 тысяч рублей за налоговые периоды после 1 января 2025 года) | C15: 346.7 | D15: 330.6 | E15: 307.6
A16: 000 1 01 02021 01 0000 110 | B16: Налог на доходы физических лиц с доходов, полученных от осуществления деятельности физическими лицами, зарегистрированными в качестве индивидуальных предпринимателей, нотариусов, занимающихся частной практикой, адвокатов, учредивших адвокатские кабинеты, и других лиц, занимающихся частной практикой в соответствии со статьей 227 Налогового кодекса Российской Федерации (в части суммы налога, превышающей 312 тысяч рублей, относящейся к части налоговой базы, превышающей 2,4 миллиона рублей и составляющей не более 5 миллионов рублей) | C16: 153.6 | D16: 171.7 | E16: 181.5
A17: 000 1 01 02022 01 0000 110 | B17: Налог на доходы физических лиц с доходов, полученных от осуществления деятельности физическими лицами, зарегистрированными в качестве индивидуальных предпринимателей, нотариусов, занимающихся частной практикой, адвокатов, учредивших адвокатские кабинеты, и других лиц, занимающихся частной практикой в соответствии со статьей 227 Налогового кодекса Российской Федерации (в части суммы налога, превышающей 702 тысячи рублей, относящейся к части налоговой базы, превышающей 5 миллионов рублей и составляющей не более 20 миллионов рублей) | C17: 3.5 | D17: 4 | E17: 4.1
A18: 000 1 01 02030 01 0000 110 | B18: Налог на доходы физических лиц с доходов, полученных физическими лицами в соответствии со статьей 228 Налогового кодекса Российской Федерации (за исключением доходов от долевого участия в организации, полученных физическим лицом налоговым резидентом Российской Федерации в виде дивидендов) (в части суммы налога, не превышающей 650 тысяч рублей за налоговые периоды до 1 января 2025 года, а также в части суммы налога, не превышающей 312 тысяч рублей за налоговые периоды после 1 января 2025 года) | C18: 3462.6 | D18: 3302.9 | E18: 3076.9
A19: 000 1 01 02080 01 0000 110 | B19: Налог на доходы физических лиц в части суммы налога, превышающей 650 тысяч рублей, относящейся к части налоговой базы, превышающей 5 миллионов рублей (за исключением налога на доходы физических лиц с сумм прибыли контролируемой иностранной компании, в том числе фиксированной прибыли контролируемой иностранной компании, а также налога на доходы физических лиц в отношении доходов от долевого участия в организации, полученных физическим лицом - налоговым резидентом Российской Федерации в виде дивидендов) за налоговые периоды до 1 января 2025 года, а также налог на доходы физических лиц в части суммы налога, превышающей 312 тысяч рублей, относящейся к части налоговой базы, превышающей 2,4 миллиона рублей и составляющей не более 5 миллионов рублей (за исключением налога на доходы физических лиц в отношении доходов, указанных в абзаце тридцать девятом статьи 50 Бюджетного кодекса Российской Федерации, налога на доходы физических лиц в части суммы налога, превышающей 312 тысяч рублей, относящейся к сумме налоговых баз, указанных в пункте 6 статьи 210 Налогового кодекса Российской Федерации, превышающей 2,4 миллиона рублей (за исключением налога на доходы физических лиц в отношении доходов, указанных в абзацах тридцать пятом и тридцать шестом статьи 50 Бюджетного кодекса Российской Федерации), а также налога на доходы физических лиц в отношении доходов физических лиц, не являющихся налоговыми резидентами Российской Федерации, указанных в абзаце девятом пункта 3 статьи 224 Налогового кодекса Российской Федерации, в части суммы налога, превышающей 312 тысяч рублей, относящейся к части налоговой базы, превышающей 2,4 миллиона рублей) за налоговые периоды после 1 января 2025 года | C19: 1372.6 | D19: 1533.5 | E19: 1621.9
A20: 000 1 01 02130 01 0000 110 | B20: Налог на доходы физических лиц в отношении доходов от долевого участия в организации, полученных физическим лицом - налоговым резидентом Российской Федерации в виде дивидендов (в части суммы налога, не превышающей 650 тысяч рублей за налоговые периоды до 1 января 2025 года, а также в части суммы налога, не превышающей 312 тысяч рублей за налоговые периоды после 1 января 2025 года) | C20: 4772.6 | D20: 4176.8 | E20: 3989.1
A21: 000 1 01 02140 01 0000 110 | B21: Налог на доходы физических лиц в отношении доходов от долевого участия в организации, полученных физическим лицом - налоговым резидентом Российской Федерации в виде дивидендов (в части суммы налога, превышающей 650 тысяч рублей за налоговые периоды до 1 января 2025 года, а также в части суммы налога, превышающей 312 тысяч рублей за налоговые периоды после 1 января 2025 года) | C21: 24865.7 | D21: 25487.3 | E21: 27628.3
A22: 000 1 01 02150 01 0000 110 | B22: Налог на доходы физических лиц в части суммы налога, превышающей 702 тысячи рублей, относящейся к части налоговой базы, превышающей 5 миллионов рублей и составляющей не более 20 миллионов рублей (за исключением налога на доходы физических лиц в отношении доходов, указанных в абзаце тридцать девятом статьи 50 Бюджетного кодекса Российской Федерации, налога на доходы физических лиц в части суммы налога, превышающей 312 тысяч рублей, относящейся к сумме налоговых баз, указанных в пункте 6 статьи 210 Налогового кодекса Российской Федерации, превышающей 2,4 миллиона рублей (за исключением налога на доходы физических лиц в отношении доходов, указанных в абзацах тридцать пятом и тридцать шестом статьи 50 Бюджетного кодекса Российской Федерации), а также налога на доходы физических лиц в отношении доходов физических лиц, не являющихся налоговыми резидентами Российской Федерации, указанных в абзаце девятом пункта 3 статьи 224 Налогового кодекса Российской Федерации, в части суммы налога, превышающей 312 тысяч рублей, относящейся к части налоговой базы, превышающей 2,4 миллиона рублей) | C22: 636.6 | D22: 711.3 | E22: 752.3
A23: 000 1 01 02180 01 0000 110 | B23: Налог на доходы физических лиц в части суммы налога, превышающей 312 тысяч рублей, относящейся к сумме налоговых баз, указанных в пункте 6 статьи 210 Налогового кодекса Российской Федерации, превышающей 2,4 миллиона рублей (за исключением налога на доходы физических лиц в отношении доходов, указанных в абзацах тридцать пятом и тридцать шестом статьи 50 Бюджетного кодекса Российской Федерации, а также налога на доходы физических лиц в отношении доходов от долевого участия в организации, полученных физическим лицом налоговым резидентом Российской Федерации в виде дивидендов (в части суммы налога, превышающей 312 тысяч рублей) | C23: 544.7 | D23: 608.4 | E23: 643.4
A24: 000 1 01 02210 01 0000 110 | B24: Налог на доходы физических лиц в части суммы налога, относящейся к налоговой базе, указанной в пункте 6.2 статьи 210 Налогового кодекса Российской Федерации, не превышающей 5 миллионов рублей | C24: 2 | D24: 2.3 | E24: 2.4
A25: 000 1 03 00000 00 0000 000 | B25: НАЛОГИ НА ТОВАРЫ (РАБОТЫ, УСЛУГИ), РЕАЛИЗУЕМЫЕ НА ТЕРРИТОРИИ РОССИЙСКОЙ ФЕДЕРАЦИИ | C25: =C26 -> 7531.9 | D25: =D26 -> 7727.3 | E25: =E26 -> 7971.7
A26: 000 1 03 02000 01 0000 110 | B26: Акцизы по подакцизным товарам (продукции), производимым на территории Российской Федерации | C26: =C27+C29+C31+C33 -> 7531.9 | D26: =D27+D29+D31+D33 -> 7727.3 | E26: =E27+E29+E31+E33 -> 7971.7
A27: 000 1 03 02230 01 0000 110 | B27: Доходы от уплаты акцизов на дизельное топливо, подлежащие распределению между бюджетами субъектов Российской Федерации и местными бюджетами с учетом установленных дифференцированных нормативов отчислений в местные бюджеты | C27: =C28 -> 3941.2 | D27: =D28 -> 4038.4 | E27: =E28 -> 4159.6
A28: 000 1 03 02231 01 0000 110 | B28: Доходы от уплаты акцизов на дизельное топливо, подлежащие распределению между бюджетами субъектов Российской Федерации и местными бюджетами с учетом установленных дифференцированных нормативов отчислений в местные бюджеты (по нормативам, установленным федеральным законом о федеральном бюджете в целях формирования дорожных фондов субъектов Российской Федерации) | C28: 3941.2 | D28: 4038.4 | E28: 4159.6
A29: 000 1 03 02240 01 0000 110 | B29: Доходы от уплаты акцизов на моторные масла для дизельных и (или) карбюраторных (инжекторных) двигателей, подлежащие распределению между бюджетами субъектов Российской Федерации и местными бюджетами с учетом установленных дифференцированных нормативов отчислений в местные бюджеты | C29: =C30 -> 19.3 | D29: =D30 -> 19.7 | E29: =E30 -> 20.3
A30: 000 1 03 02241 01 0000 110 | B30: Доходы от уплаты акцизов на моторные масла для дизельных и (или) карбюраторных (инжекторных) двигателей, подлежащие распределению между бюджетами субъектов Российской Федерации и местными бюджетами с учетом установленных дифференцированных нормативов Отчислений в местные бюджеты (по нормативам, установленным федеральным законом о федеральном бюджете в целях формирования дорожных фондов субъектов Российской Федерации) | C30: 19.3 | D30: 19.7 | E30: 20.3
A31: 000 1 03 02250 01 0000 110 | B31: Доходы от уплаты акцизов на автомобильный бензин, подлежащие распределению между бюджетами субъектов Российской Федерации и местными бюджетами с учетом установленных дифференцированных нормативов отчислений в местные бюджеты | C31: =C32 -> 3812.2 | D31: =D32 -> 3906 | E31: =E32 -> 4026.2
A32: 000 1 03 02251 01 0000 110 | B32: Доходы от уплаты акцизов на автомобильный бензин, подлежащие распределению между бюджетами субъектов Российской Федерации и местными бюджетами с учетом установленных дифференцированных нормативов отчислений в местные бюджеты (по нормативам, установленным федеральным законом о федеральном бюджете в целях формирования дорожных фондов субъектов Российской Федерации) | C32: 3812.2 | D32: 3906 | E32: 4026.2
A33: 000 1 03 02260 01 0000 110 | B33: Доходы от уплаты акцизов на прямогонный бензин, подлежащие распределению между бюджетами субъектов Российской Федерации и местными бюджетами с учетом установленных дифференцированных нормативов отчислений в местные бюджеты | C33: =C34 -> -240.8 | D33: =D34 -> -236.8 | E33: =E34 -> -234.4
A34: 000 1 03 02261 01 0000 110 | B34: Доходы от уплаты акцизов на прямогонный бензин, подлежащие распределению между бюджетами субъектов Российской Федерации и местными бюджетами с учетом установленных дифференцированных нормативов отчислений в местные бюджеты (по нормативам, установленным федеральным законом о федеральном бюджете в целях формирования дорожных фондов субъектов Российской Федерации) | C34: -240.8 | D34: -236.8 | E34: -234.4
A35: 000 1 05 00000 00 0000 000 | B35: НАЛОГИ НА СОВОКУПНЫЙ ДОХОД | C35: =C41+C36 -> 73616.7 | D35: =D41+D36 -> 74481.5 | E35: =E41+E36 -> 75220.6
A36: 000 1 05 01000 00 0000 110 | B36: Налог, взимаемый в связи с применением упрощенной системы налогообложения | C36: =C37+C39 -> 70752.7 | D36: =D37+D39 -> 71502.5 | E36: =E37+E39 -> 72121.6
A37: 000 1 05 01010 01 0000 110 | B37: Налог, взимаемый с налогоплательщиков, выбравших в качестве объекта налогообложения доходы | C37: =C38 -> 47471.6 | D37: =D38 -> 48249.6 | E37: =E38 -> 48665.3
A38: 000 1 05 01011 01 0000 110 | B38: Налог, взимаемый с налогоплательщиков, выбравших в качестве объекта налогообложения доходы | C38: 47471.6 | D38: 48249.6 | E38: 48665.3
A39: 000 1 05 01020 01 0000 110 | B39: Налог, взимаемый с налогоплательщиков, выбравших в качестве объекта налогообложения доходы, уменьшенные на величину расходов | C39: =C40 -> 23281.1 | D39: =D40 -> 23252.9 | E39: =E40 -> 23456.3
A40: 000 1 05 01021 01 0000 110 | B40: Налог, взимаемый с налогоплательщиков, выбравших в качестве объекта налогообложения доходы, уменьшенные на величину расходов (в том числе минимальный налог, зачисляемый в бюджеты субъектов Российской Федерации) | C40: 23281.1 | D40: 23252.9 | E40: 23456.3
A41: 000 1 05 04000 02 0000 110 | B41: Налог, взимаемый в связи с применением патентной системы налогообложения | C41: =C42 -> 2864 | D41: =D42 -> 2979 | E41: =E42 -> 3099
A42: 000 1 05 04010 02 0000 110 | B42: Налог, взимаемый в связи с применением патентной системы налогообложения, зачисляемый в бюджеты городских округов | C42: 2864 | D42: 2979 | E42: 3099
A43: 000 1 06 00000 00 0000 000 | B43: НАЛОГИ НА ИМУЩЕСТВО | C43: =C44+C46 -> 70951 | D43: =D44+D46 -> 72140 | E43: =E44+E46 -> 73348
A44: 000 1 06 01000 00 0000 110 | B44: Налог на имущество физических лиц | C44: =C45 -> 29044 | D44: =D45 -> 29597 | E44: =E45 -> 30159
A45: 000 1 06 01020 04 0000 110 | B45: Налог на имущество физических лиц, взимаемый по ставкам, применяемым к объектам налогообложения, расположенным в границах городских округов | C45: 29044 | D45: 29597 | E45: 30159
A46: 000 1 06 06000 00 0000 110 | B46: Земельный налог | C46: =C47+C49 -> 41907 | D46: =D47+D49 -> 42543 | E46: =E47+E49 -> 43189
A47: 000 1 06 06030 00 0000 110 | B47: Земельный налог с организаций | C47: =C48 -> 32146 | D47: =D48 -> 32564 | E47: =E48 -> 32987
A48: 000 1 06 06032 04 0000 110 | B48: Земельный налог с организаций, обладающих земельным участком, расположенным в границах городских округов | C48: 32146 | D48: 32564 | E48: 32987
A49: 000 1 06 06040 00 0000 110 | B49: Земельный налог с физических лиц | C49: =C50 -> 9761 | D49: =D50 -> 9979 | E49: =E50 -> 10202
A50: 000 1 06 06042 04 0000 110 | B50: Земельный налог с физических лиц, обладающих земельным участком, расположенным в границах городских округов | C50: 9761 | D50: 9979 | E50: 10202
A51: 000 1 08 00000 00 0000 000 | B51: ГОСУДАРСТВЕННАЯ ПОШЛИНА | C51: =C52 -> 21684 | D51: =D52 -> 21684 | E51: =E52 -> 21684
A52: 000 1 08 03000 01 0000 110 | B52: Государственная пошлина по делам, рассматриваемым в судах общей юрисдикции, мировыми судьями | C52: =C53 -> 21684 | D52: =D53 -> 21684 | E52: =E53 -> 21684
A53: 000 1 08 03010 01 0000 110 | B53: Государственная пошлина по делам, рассматриваемым в судах общей юрисдикции, мировыми судьями (за исключением Верховного Суда Российской Федерации) | C53: 21684 | D53: 21684 | E53: 21684
A54: 000 1 11 00000 00 0000 000 | B54: ДОХОДЫ ОТ ИСПОЛЬЗОВАНИЯ ИМУЩЕСТВА, НАХОДЯЩЕГОСЯ В ГОСУДАРСТВЕННОЙ И МУНИЦИПАЛЬНОЙ СОБСТВЕННОСТИ | C54: =C55+C62 -> 22524.8 | D54: =D55+D62 -> 22553.3 | E54: =E55+E62 -> 22583.1
A55: 000 1 11 05000 00 0000 120 | B55: Доходы, получаемые в виде арендной либо иной платы за передачу в возмездное пользование государственного и муниципального имущества (за исключением имущества бюджетных и автономных учреждений, а также имущества государственных и муниципальных унитарных предприятий, в том числе казенных) | C55: =C56+C58+C60 -> 19690.7 | D55: =D56+D58+D60 -> 19706.8 | E55: =E56+E58+E60 -> 19723.7
A56: 000 1 11 05010 00 0000 120 | B56: Доходы, получаемые в виде арендной платы за земельные участки, государственная собственность на которые не разграничена, а также средства от продажи права на заключение договоров аренды указанных земельных участков | C56: =C57 -> 12636.4 | D56: =D57 -> 12652.5 | E56: =E57 -> 12669.4
A57: 000 1 11 05012 04 0000 120 | B57: Доходы, получаемые в виде арендной платы за земельные участки, государственная собственность на которые не разграничена и которые расположены в границах городских округов, а также средства от продажи права на заключение договоров аренды указанных земельных участков | C57: 12636.4 | D57: 12652.5 | E57: 12669.4
A58: 000 1 11 05020 00 0000 120 | B58: Доходы, получаемые в виде арендной платы за земли после разграничения государственной собственности на землю, а также средства от продажи права на заключение договоров аренды указанных земельных участков (за исключением земельных участков бюджетных и автономных учреждений) | C58: =C59 -> 955.7 | D58: =D59 -> 955.7 | E58: =E59 -> 955.7
A59: 000 1 11 05024 04 0000 120 | B59: Доходы, получаемые в виде арендной платы, а также средства от продажи права на заключение договоров аренды за земли, находящиеся в собственности городских округов (за исключением земельных участков муниципальных бюджетных и автономных учреждений) | C59: 955.7 | D59: 955.7 | E59: 955.7
A60: 000 1 11 05070 00 0000 120 | B60: Доходы от сдачи в аренду имущества, составляющего государственную (муниципальную) казну (за исключением земельных участков) | C60: =C61 -> 6098.6 | D60: =D61 -> 6098.6 | E60: =E61 -> 6098.6
A61: 000 1 11 05074 04 0000 120 | B61: Доходы от сдачи в аренду имущества, составляющего казну городских округов (за исключением земельных участков) | C61: 6098.6 | D61: 6098.6 | E61: 6098.6
A62: 000 1 11 09000 00 0000 120 | B62: Прочие доходы от использования имущества и прав, находящихся в государственной и муниципальной собственности (за исключением имущества бюджетных и автономных учреждений, а также имущества государственных и муниципальных унитарных предприятий, в том числе казенных) | C62: =C63+C65 -> 2834.1 | D62: =D63+D65 -> 2846.5 | E62: =E63+E65 -> 2859.4
A63: 000 1 11 09040 00 0000 120 | B63: Прочие поступления от использования имущества, находящегося в государственной и муниципальной собственности (за исключением имущества бюджетных и автономных учреждений, а также имущества государственных и муниципальных унитарных предприятий, в том числе казенных) | C63: =C64 -> 2524.4 | D63: =D64 -> 2524.4 | E63: =E64 -> 2524.4
A64: 000 1 11 09044 04 0000 120 | B64: Прочие поступления от использования имущества, находящегося в собственности городских округов (за исключением имущества муниципальных бюджетных и автономных учреждений, а также имущества муниципальных унитарных предприятий, в том числе казенных) | C64: 2524.4 | D64: 2524.4 | E64: 2524.4
A65: 000 1 11 09080 00 0000 120 | B65: Плата, поступившая в рамках договора за предоставление права на размещение и эксплуатацию нестационарного торгового объекта, установку и эксплуатацию рекламных конструкций на землях или земельных участках, находящихся в государственной или муниципальной собственности, и на землях или земельных участках, государственная собственность на которые не разграничена | C65: =C66 -> 309.7 | D65: =D66 -> 322.1 | E65: =E66 -> 335
A66: 000 1 11 09080 04 0000 120 | B66: Плата, поступившая в рамках договора за предоставление права на размещение и эксплуатацию нестационарного торгового объекта, установку и эксплуатацию рекламных конструкций на землях или земельных участках, находящихся в собственности городских округов, и на землях или земельных участках, государственная собственность на которые не разграничена | C66: 309.7 | D66: 322.1 | E66: 335
A67: 000 1 13 00000 00 0000 000 | B67: ДОХОДЫ ОТ ОКАЗАНИЯ ПЛАТНЫХ УСЛУГ И КОМПЕНСАЦИИ ЗАТРАТ ГОСУДАРСТВА | C67: =C68 -> 3491.6 | D67: =D68 -> 0 | E67: =E68 -> 0
A68: 000 1 13 02000 00 0000 130 | B68: Доходы от компенсации затрат государства | C68: =C69 -> 3491.6 | D68: =D69 -> 0 | E68: =E69 -> 0
A69: 000 1 13 02990 00 0000 130 | B69: Прочие доходы от компенсации затрат государства | C69: =C70 -> 3491.6 | D69: =D70 -> 0 | E69: =E70 -> 0
A70: 000 1 13 02994 04 0000 130 | B70: Прочие доходы от компенсации затрат бюджетов городских округов | C70: 3491.6 | D70: 0 | E70: 0
A71: 000 1 14 00000 00 0000 000 | B71: ДОХОДЫ ОТ ПРОДАЖИ МАТЕРИАЛЬНЫХ И НЕМАТЕРИАЛЬНЫХ АКТИВОВ | C71: =C72+C78+C75 -> 33965.2 | D71: =D72+D78+D75 -> 9764.7 | E71: =E72+E78+E75 -> 8148.9
A72: 000 1 14 06000 00 0000 430 | B72: Доходы от продажи земельных участков, находящихся в государственной и муниципальной собственности | C72: =C73 -> 999.3 | D72: =D73 -> 999.3 | E72: =E73 -> 999.3
A73: 000 1 14 06010 00 0000 430 | B73: Доходы от продажи земельных участков, государственная собственность на которые не разграничена | C73: =C74 -> 999.3 | D73: =D74 -> 999.3 | E73: =E74 -> 999.3
A74: 000 1 14 06012 04 0000 430 | B74: Доходы от продажи земельных участков, государственная собственность на которые не разграничена и которые расположены в границах городских округов | C74: 999.3 | D74: 999.3 | E74: 999.3
A75: 000 1 14 06300 00 0000 430 | B75: Плата за увеличение площади земельных участков, находящихся в частной собственности, в результате перераспределения таких земельных участков и земель (или) земельных участков, находящихся в государственной или муниципальной собственности | C75: =C76 -> 378.1 | D75: =D76 -> 378.1 | E75: =E76 -> 378.1
A76: 000 1 14 06310 00 0000 430 | B76: Плата за увеличение площади земельных участков, находящихся в частной собственности, в результате перераспределения таких земельных участков и земель (или) земельных участков, государственная собственность на которые не разграничена | C76: =C77 -> 378.1 | D76: =D77 -> 378.1 | E76: =E77 -> 378.1
A77: 000 1 14 06312 04 0000 430 | B77: Плата за увеличение площади земельных участков, находящихся в частной собственности, в результате перераспределения таких земельных участков и земель (или) земельных участков, государственная собственность на которые не разграничена и которые расположены в границах городских округов | C77: 378.1 | D77: 378.1 | E77: 378.1
A78: 000 1 14 13000 00 0000 000 | B78: Доходы от приватизации имущества, находящегося в государственной и муниципальной собственности | C78: =C79 -> 32587.8 | D78: =D79 -> 8387.3 | E78: =E79 -> 6771.5
A79: 000 1 14 13040 04 0000 410 | B79: Доходы от приватизации имущества, находящегося в собственности городских округов, в части приватизации нефинансовых активов имущества казны | C79: =7422.9+15797.7+9367.2 -> 32587.8 | D79: =6027+2360.3 -> 8387.3 | E79: =4520.1+2251.4 -> 6771.5
A80: 000 1 16 00000 00 0000 000 | B80: ШТРАФЫ, САНКЦИИ, ВОЗМЕЩЕНИЕ УЩЕРБА | C80: =C81+C103+C108+C105 -> 3423.5 | D80: =D81+D103+D108+D105 -> 2848.9 | E80: =E81+E103+E108+E105 -> 2853.4
A81: 000 1 16 01000 01 0000 140 | B81: Административные штрафы, установленные Кодексом Российской Федерации об административных правонарушениях | C81: =C92+C94+C101+C82+C84+C86+C88+C96+C98+C90 -> 1150.3 | D81: =D92+D94+D101+D82+D84+D86+D88+D96+D98+D90 -> 1145.1 | E81: =E92+E94+E101+E82+E84+E86+E88+E96+E98+E90 -> 1149.6
A82: 000 1 16 01050 01 0000 140 | B82: Административные штрафы, установленные главой 5 Кодекса Российской Федерации об административных правонарушениях, за административные правонарушения, посягающие на права граждан | C82: =C83 -> 41.8 | D82: =D83 -> 40.8 | E82: =E83 -> 41.3
A83: 000 1 16 01053 01 0000 140 | B83: Административные штрафы, установленные главой 5 Кодекса Российской Федерации об административных правонарушениях, за административные правонарушения, посягающие на права граждан, налагаемые мировыми судьями, комиссиями по делам несовершеннолетних и защите их прав | C83: 41.8 | D83: 40.8 | E83: 41.3
A84: 000 1 16 01060 01 0000 140 | B84: Административные штрафы, установленные главой 6 Кодекса Российской Федерации об административных правонарушениях, за административные правонарушения, посягающие на здоровье, санитарно-эпидемиологическое благополучие населения и общественную нравственность | C84: =C85 -> 51.5 | D84: =D85 -> 49 | E84: =E85 -> 51.5
A85: 000 1 16 01063 01 0000 140 | B85: Административные штрафы, установленные главой 6 Кодекса Российской Федерации об административных правонарушениях, за административные правонарушения, посягающие на здоровье, санитарно-эпидемиологическое благополучие населения и общественную нравственность, налагаемые мировыми судьями, комиссиями по делам несовершеннолетних и защите их прав | C85: 51.5 | D85: 49 | E85: 51.5
A86: 000 1 16 01070 01 0000 140 | B86: Административные штрафы, установленные главой 7 Кодекса Российской Федерации об административных правонарушениях, за административные правонарушения в области охраны собственности | C86: =C87 -> 116.7 | D86: =D87 -> 118.2 | E86: =E87 -> 116.7
A87: 000 1 16 01073 01 0000 140 | B87: Административные штрафы, установленные главой 7 Кодекса Российской Федерации об административных правонарушениях, за административные правонарушения в области охраны собственности, налагаемые мировыми судьями, комиссиями по делам несовершеннолетних и защите их прав | C87: 116.7 | D87: 118.2 | E87: 116.7
A88: 000 1 16 01080 01 0000 140 | B88: Административные штрафы, установленные главой 8 Кодекса Российской Федерации об административных правонарушениях, за административные правонарушения в области охраны окружающей среды, природопользования и обращения с животными | C88: =C89 -> 97.7 | D88: =D89 -> 97.7 | E88: =E89 -> 97.7
A89: 000 1 16 01083 01 0000 140 | B89: Административные штрафы, установленные главой 8 Кодекса Российской Федерации об административных правонарушениях, за административные правонарушения в области охраны окружающей среды, природопользования и обращения с животными, налагаемые мировыми судьями, комиссиями по делам несовершеннолетних и защите их прав | C89: 97.7 | D89: 97.7 | E89: 97.7
A90: 000 1 16 01090 01 0000 140 | B90: Административные штрафы, установленные главой 9 Кодекса Российской Федерации об административных правонарушениях, за административные правонарушения в промышленности, строительстве и энергетике | C90: =C91 -> 25.6 | D90: =D91 -> 25.6 | E90: =E91 -> 25.6
A91: 000 1 16 01093 01 0000 140 | B91: Административные штрафы, установленные главой 9 Кодекса Российской Федерации об административных правонарушениях, за административные правонарушения в промышленности, строительстве и энергетике, налагаемые мировыми судьями, комиссиями по делам несовершеннолетних и защите их прав | C91: 25.6 | D91: 25.6 | E91: 25.6
A92: 000 1 16 01140 01 0000 140 | B92: Административные штрафы, установленные главой 14 Кодекса Российской Федерации об административных правонарушениях, за административные правонарушения в области предпринимательской деятельности и деятельности саморегулируемых организаций | C92: =C93 -> 31.4 | D92: =D93 -> 31.4 | E92: =E93 -> 31.4
A93: 000 1 16 01143 01 0000 140 | B93: Административные штрафы, установленные главой 14 Кодекса Российской Федерации об административных правонарушениях, за административные правонарушения в области предпринимательской деятельности и деятельности саморегулируемых организаций, налагаемые мировыми судьями, комиссиями по делам несовершеннолетних и защите их прав | C93: 31.4 | D93: 31.4 | E93: 31.4
A94: 000 1 16 01150 01 0000 140 | B94: Административные штрафы, установленные главой 15 Кодекса Российской Федерации об административных правонарушениях, за административные правонарушения в области финансов, налогов и сборов, страхования, рынка ценных бумаг, добычи, производства, использования и обращения драгоценных металлов и драгоценных камней | C94: =C95 -> 7 | D94: =D95 -> 7 | E94: =E95 -> 7
A95: 000 1 16 01153 01 0000 140 | B95: Административные штрафы, установленные главой 15 Кодекса Российской Федерации об административных правонарушениях, за административные правонарушения в области финансов, налогов и сборов, страхования, рынка ценных бумаг, добычи, производства, использования и обращения драгоценных металлов и драгоценных камней (за исключением штрафов, указанных в пункте 6 статьи 46 Бюджетного кодекса Российской Федерации), налагаемые мировыми судьями, комиссиями по делам несовершеннолетних и защите их прав | C95: 7 | D95: 7 | E95: 7
A96: 000 1 16 01170 01 0000 140 | B96: Административные штрафы, установленные главой 17 Кодекса Российской Федерации об административных правонарушениях, за административные правонарушения, посягающие на институты государственной власти | C96: =C97 -> 20.1 | D96: =D97 -> 20.1 | E96: =E97 -> 20.1
A97: 000 1 16 01173 01 0000 140 | B97: Административные штрафы, установленные главой 17 Кодекса Российской Федерации об административных правонарушениях, за административные правонарушения, посягающие на институты государственной власти, налагаемые мировыми судьями, комиссиями по делам несовершеннолетних и защите их прав | C97: 20.1 | D97: 20.1 | E97: 20.1
A98: 000 1 16 01190 01 0000 140 | B98: Административные штрафы, установленные главой 19 Кодекса Российской Федерации об административных правонарушениях, за административные правонарушения против порядка управления | C98: =C99+C100 -> 187.3 | D98: =D99+D100 -> 187.3 | E98: =E99+E100 -> 187.3
A99: 000 1 16 01193 01 0000 140 | B99: Административные штрафы, установленные главой 19 Кодекса Российской Федерации об административных правонарушениях, за административные правонарушения против порядка управления, налагаемые мировыми судьями, комиссиями по делам несовершеннолетних и защите их прав | C99: 169.4 | D99: 169.4 | E99: 169.4
A100: 000 1 16 01194 01 0000 140 | B100: Административные штрафы, установленные главой 19 Кодекса Российской Федерации об административных правонарушениях, за административные правонарушения против порядка управления, выявленные должностными лицами органов муниципального контроля | C100: 17.9 | D100: 17.9 | E100: 17.9
A101: 000 1 16 01200 01 0000 140 | B101: Административные штрафы, установленные главой 20 Кодекса Российской Федерации об административных правонарушениях, за административные правонарушения, посягающие на общественный порядок и общественную безопасность | C101: =C102 -> 571.2 | D101: =D102 -> 568 | E101: =E102 -> 571
A102: 000 1 16 01203 01 0000 140 | B102: Административные штрафы, установленные главой 20 Кодекса Российской Федерации об административных правонарушениях, за административные правонарушения, посягающие на общественный порядок и общественную безопасность, налагаемые мировыми судьями, комиссиями по делам несовершеннолетних и защите их прав | C102: 571.2 | D102: 568 | E102: 571
A103: 000 1 16 02000 02 0000 140 | B103: Административные штрафы, установленные законами субъектов Российской Федерации об административных правонарушениях | C103: =C104 -> 235.5 | D103: =D104 -> 235.5 | E103: =E104 -> 235.5
...

Sheet № 3 р.п
A1: Приложение 3 к решению Торжокской городской Думы от 23.12.2025 № 29
B2: (в редакции решения Думы Торжокского муниципального округа Тверской области от 22.10.2026 № 97)
A4: Распределение бюджетных ассигнований бюджета муниципального образования город Торжок по разделам и подразделам классификации расходов бюджетов на 2026 год и на плановый период 2027 и 2028 годов
A5: РП | B5: Наименование | C5: Сумма, тыс. руб.
C6: 2026 год | D6: плановый период
D7: 2027 год | E7: 2028 год
A8: 1 | B8: 2 | C8: 3 | D8: 4 | E8: 5
B9: ВСЕГО | C9: =C10+C20+C23+C26+C31+C38+C40+C44+C48 -> 1837783.6 | D9: =D10+D20+D23+D26+D31+D38+D40+D44+D48 -> 1538973.9 | E9: =E10+E20+E23+E26+E31+E38+E40+E44+E48 -> 1389112.9
A10: 0100 | B10: Общегосударственные вопросы | C10: =SUM(C11:C19) -> 132069.3 | D10: =SUM(D11:D19) -> 97859.4 | E10: =SUM(E11:E19) -> 98737.7
A11: 0102 | B11: Функционирование высшего должностного лица субъекта Российской Федерации и муниципального образования | C11: =' № 5 рп, кцср, квр'!E11 -> 3150.3 | D11: =' № 5 рп, кцср, квр'!F11 -> 2461.8 | E11: =' № 5 рп, кцср, квр'!G11 -> 2461.8
A12: 0103 | B12: Функционирование законодательных (представительных) органов государственной власти и представительных органов муниципальных образований | C12: =' № 5 рп, кцср, квр'!E17 -> 2694.5 | D12: =' № 5 рп, кцср, квр'!F17 -> 2522.9 | E12: =' № 5 рп, кцср, квр'!G17 -> 2522.9
A13: 0104 | B13: Функционирование Правительства Российской Федерации, высших исполнительных органов государственной власти субъектов Российской Федерации, местных администраций | C13: =' № 5 рп, кцср, квр'!E34 -> 38403.9 | D13: =' № 5 рп, кцср, квр'!F34 -> 35574.8 | E13: =' № 5 рп, кцср, квр'!G34 -> 35583.2
A14: 0105 | B14: Судебная система | C14: =' № 5 рп, кцср, квр'!E49 -> 210.3 | D14: =' № 5 рп, кцср, квр'!F49 -> 19.1 | E14: =' № 5 рп, кцср, квр'!G49 -> 20.7
A15: 0106 | B15: Обеспечение деятельности финансовых, налоговых и таможенных органов и органов финансового (финансово-бюджетного) надзора | C15: =' № 5 рп, кцср, квр'!E55 -> 14478.3 | D15: =' № 5 рп, кцср, квр'!F55 -> 14196.7 | E15: =' № 5 рп, кцср, квр'!G55 -> 14196.7
A16: 0107 | B16: Обеспечение проведения выборов и референдумов | C16: =' № 5 рп, кцср, квр'!E80 -> 8000 | D16: =' № 5 рп, кцср, квр'!F80 -> 0 | E16: =' № 5 рп, кцср, квр'!G80 -> 0
A17: 0108 | B17: Международные отношения и международное сотрудничество | C17: =' № 5 рп, кцср, квр'!E86 -> 88.6 | D17: =' № 5 рп, кцср, квр'!F86 -> 88.6 | E17: =' № 5 рп, кцср, квр'!G86 -> 88.6
A18: 0111 | B18: Резервные фонды | C18: =' № 5 рп, кцср, квр'!E93 -> 1875.2 | D18: =' № 5 рп, кцср, квр'!F93 -> 500 | E18: =' № 5 рп, кцср, квр'!G93 -> 500
A19: 0113 | B19: Другие общегосударственные вопросы | C19: =' № 5 рп, кцср, квр'!E99 -> 63168.2 | D19: =' № 5 рп, кцср, квр'!F99 -> 42495.5 | E19: =' № 5 рп, кцср, квр'!G99 -> 43363.8
A20: 0300 | B20: Национальная безопасность и правоохранительная деятельность | C20: =C21+C22 -> 15278.4 | D20: =D21+D22 -> 15284.1 | E20: =E21+E22 -> 15752
A21: 0304 | B21: Органы юстиции | C21: =' № 5 рп, кцср, квр'!E196 -> 1705.2 | D21: =' № 5 рп, кцср, квр'!F196 -> 1705.2 | E21: =' № 5 рп, кцср, квр'!G196 -> 1705.2
A22: 0310 | B22: Защита населения и территории от чрезвычайных ситуаций природного и техногенного характера, пожарная безопасность | C22: =' № 5 рп, кцср, квр'!E203 -> 13573.2 | D22: =' № 5 рп, кцср, квр'!F203 -> 13578.9 | E22: =' № 5 рп, кцср, квр'!G203 -> 14046.8
A23: 0400 | B23: Национальная экономика | C23: =C24+C25 -> 188258.7 | D23: =D24+D25 -> 135294.5 | E23: =E24+E25 -> 124728.1
A24: 0409 | B24: Дорожное хозяйство (дорожные фонды) | C24: =' № 5 рп, кцср, квр'!E220 -> 187959.7 | D24: =' № 5 рп, кцср, квр'!F220 -> 135294.5 | E24: =' № 5 рп, кцср, квр'!G220 -> 124728.1
A25: 0412 | B25: Другие вопросы в области национальной экономики | C25: =' № 5 рп, кцср, квр'!E267 -> 299 | D25: =' № 5 рп, кцср, квр'!F267 -> 0 | E25: =' № 5 рп, кцср, квр'!G267 -> 0
A26: 0500 | B26: Жилищно-коммунальное хозяйство | C26: =SUM(C27:C30) -> 143965.1 | D26: =SUM(D27:D30) -> 84385.5 | E26: =SUM(E27:E30) -> 65890.2
A27: 0501 | B27: Жилищное хозяйство | C27: =' № 5 рп, кцср, квр'!E280 -> 3749.9 | D27: =' № 5 рп, кцср, квр'!F280 -> 3749.9 | E27: =' № 5 рп, кцср, квр'!G280 -> 3749.9
A28: 0502 | B28: Коммунальное хозяйство | C28: =' № 5 рп, кцср, квр'!E287 -> 36889.4 | D28: =' № 5 рп, кцср, квр'!F287 -> 28500 | E28: =' № 5 рп, кцср, квр'!G287 -> 14000
A29: 0503 | B29: Благоустройство | C29: =' № 5 рп, кцср, квр'!E312 -> 84703.2 | D29: =' № 5 рп, кцср, квр'!F312 -> 41398.6 | E29: =' № 5 рп, кцср, квр'!G312 -> 37403.3
A30: 0505 | B30: Другие вопросы в области жилищно-коммунального хозяйства | C30: =' № 5 рп, кцср, квр'!E398 -> 18622.6 | D30: =' № 5 рп, кцср, квр'!F398 -> 10737 | E30: =' № 5 рп, кцср, квр'!G398 -> 10737
A31: 0700 | B31: Образование | C31: =SUM(C32:C37) -> 1160765.4 | D31: =SUM(D32:D37) -> 1014381 | E31: =SUM(E32:E37) -> 937004
A32: 0701 | B32: Дошкольное образование | C32: =' № 5 рп, кцср, квр'!E428 -> 487551.2 | D32: =' № 5 рп, кцср, квр'!F428 -> 358591.1 | E32: =' № 5 рп, кцср, квр'!G428 -> 361303.7
A33: 0702 | B33: Общее образование | C33: =' № 5 рп, кцср, квр'!E495 -> 609717.3 | D33: =' № 5 рп, кцср, квр'!F495 -> 592153.9 | E33: =' № 5 рп, кцср, квр'!G495 -> 511767.2
A34: 0703 | B34: Дополнительное образование детей | C34: =' № 5 рп, кцср, квр'!E597 -> 50037.1 | D34: =' № 5 рп, кцср, квр'!F597 -> 50542.7 | E34: =' № 5 рп, кцср, квр'!G597 -> 50832
A35: 0705 | B35: Профессиональная подготовка, переподготовка и повышение квалификации | C35: =' № 5 рп, кцср, квр'!E634 -> 150 | D35: =' № 5 рп, кцср, квр'!F634 -> 0 | E35: =' № 5 рп, кцср, квр'!G634 -> 0
A36: 0707 | B36: Молодежная политика | C36: =' № 5 рп, кцср, квр'!E641 -> 907.6 | D36: =' № 5 рп, кцср, квр'!F641 -> 835.3 | E36: =' № 5 рп, кцср, квр'!G641 -> 843.1
A37: 0709 | B37: Другие вопросы в области образования | C37: =' № 5 рп, кцср, квр'!E666 -> 12402.2 | D37: =' № 5 рп, кцср, квр'!F666 -> 12258 | E37: =' № 5 рп, кцср, квр'!G666 -> 12258
A38: 0800 | B38: Культура, кинематография | C38: =C39 -> 106580.9 | D38: =D39 -> 113116.9 | E38: =E39 -> 74675.5
A39: 0801 | B39: Культура | C39: =' № 5 рп, кцср, квр'!E696 -> 106580.9 | D39: =' № 5 рп, кцср, квр'!F696 -> 113116.9 | E39: =' № 5 рп, кцср, квр'!G696 -> 74675.5
A40: 1000 | B40: Социальная политика | C40: =SUM(C41:C43) -> 29357.8 | D40: =SUM(D41:D43) -> 21059.7 | E40: =SUM(E41:E43) -> 14845
A41: 1001 | B41: Пенсионное обеспечение | C41: =' № 5 рп, кцср, квр'!E751 -> 1119.7 | D41: =' № 5 рп, кцср, квр'!F751 -> 1119.7 | E41: =' № 5 рп, кцср, квр'!G751 -> 1119.7
A42: 1003 | B42: Социальное обеспечение населения | C42: =' № 5 рп, кцср, квр'!E760 -> 620.1 | D42: =' № 5 рп, кцср, квр'!F760 -> 120.1 | E42: =' № 5 рп, кцср, квр'!G760 -> 120.1
A43: 1004 | B43: Охрана семьи и детства | C43: =' № 5 рп, кцср, квр'!E773 -> 27618 | D43: =' № 5 рп, кцср, квр'!F773 -> 19819.9 | E43: =' № 5 рп, кцср, квр'!G773 -> 13605.2
A44: 1100 | B44: Физическая культура и спорт | C44: =C45+C46+C47 -> 57983.1 | D44: =D45+D46+D47 -> 56023.2 | E44: =E45+E46+E47 -> 55910.8
A45: 1101 | B45: Физическая культура | C45: =' № 5 рп, кцср, квр'!E795 -> 412.5 | D45: =' № 5 рп, кцср, квр'!F795 -> 412.5 | E45: =' № 5 рп, кцср, квр'!G795 -> 412.5
A46: 1102 | B46: Массовый спорт | C46: =' № 5 рп, кцср, квр'!E802 -> 24391 | D46: =' № 5 рп, кцср, квр'!F802 -> 23704.6 | E46: =' № 5 рп, кцср, квр'!G802 -> 23255.6
A47: 1103 | B47: Спорт высших достижений | C47: =' № 5 рп, кцср, квр'!E844 -> 33179.6 | D47: =' № 5 рп, кцср, квр'!F844 -> 31906.1 | E47: =' № 5 рп, кцср, квр'!G844 -> 32242.7
A48: 1200 | B48: Средства массовой информации | C48: =C49 -> 3524.9 | D48: =D49 -> 1569.6 | E48: =E49 -> 1569.6
A49: 1204 | B49: Другие вопросы в области средств массовой информации | C49: =' № 5 рп, кцср, квр'!E885 -> 3524.9 | D49: =' № 5 рп, кцср, квр'!F885 -> 1569.6 | E49: =' № 5 рп, кцср, квр'!G885 -> 1569.6

Sheet № 4 ведом
B1: Приложение 4 к решению Торжокской городской Думы от 23.12.2025 № 29
E2: (в редакции решения Думы Торжокского муниципального округа Тверской области от 22.10.2026 № 97)
A4: Ведомственная структура расходов бюджета муниципального образования город Торжок на 2026 год и на плановый период 2027 и 2028 годов
A5: ППП | B5: РП | C5: КЦСР | D5: КВР | E5: Наименование | F5: Сумма, тыс. руб.
F6: 2026 год | G6: плановый период
G7: 2027 год | H7: 2028 год
A8: 1 | B8: 2 | C8: 3 | D8: 4 | E8: 5 | F8: 6 | G8: 7 | H8: 8
E9: Всего: | F9: =F10+F646+F679+F736+F785+F747+F756+F770 -> 1837783.6 | G9: =G10+G646+G679+G736+G785+G747+G756+G770 -> 1538973.9 | H9: =H10+H646+H679+H736+H785+H747+H756+H770 -> 1389112.9
A10: 001 | E10: администрация муниципального образования городской округ город Торжок Тверской области | F10: =F11+F132+F156+F211+F349+F465+F520+F635+F550 -> 829470.1 | G10: =G11+G132+G156+G211+G349+G465+G520+G635+G550 -> 568968.5 | H10: =H11+H132+H156+H211+H349+H465+H520+H635+H550 -> 427997.6
A11: 001 | B11: 0100 | E11: Общегосударственные вопросы | F11: =F12+F18+F33+F52+F45+F39 -> 89133.2 | G11: =G12+G18+G33+G52+G45+G39 -> 69643 | H11: =H12+H18+H33+H52+H45+H39 -> 70521.3
A12: 001 | B12: 0102 | E12: Функционирование высшего должностного лица субъекта Российской Федерации и муниципального образования | F12: =F13 -> 3150.3 | G12: =G13 -> 2461.8 | H12: =H13 -> 2461.8
A13: 001 | B13: 0102 | C13: 9900000000 | E13: Расходы, не включенные в муниципальные программы | F13: =F14 -> 3150.3 | G13: =G14 -> 2461.8 | H13: =H14 -> 2461.8
A14: 001 | B14: 0102 | C14: 9990000000 | E14: Обеспечение деятельности органов местного самоуправления и учреждений, обеспечивающих их деятельность | F14: =F15 -> 3150.3 | G14: =G15 -> 2461.8 | H14: =H15 -> 2461.8
A15: 001 | B15: 0102 | C15: 9990021000 | E15: Глава муниципального образования | F15: =F16 -> 3150.3 | G15: =G16 -> 2461.8 | H15: =H16 -> 2461.8
A16: 001 | B16: 0102 | C16: 9990021000 | D16: 100 | E16: Расходы на выплаты персоналу в целях обеспечения выполнения функций государственными (муниципальными) органами, казенными учреждениями, органами управления государственными внебюджетными фондами | F16: =F17 -> 3150.3 | G16: =G17 -> 2461.8 | H16: =H17 -> 2461.8
A17: 001 | B17: 0102 | C17: 9990021000 | D17: 120 | E17: Расходы на выплаты персоналу государственных (муниципальных) органов | F17: =2461.8+688.5 -> 3150.3 | G17: 2461.8 | H17: 2461.8
A18: 001 | B18: 0104 | E18: Функционирование Правительства Российской Федерации, высших исполнительных органов государственной власти субъектов Российской Федерации, местных администраций | F18: =F19 -> 38403.9 | G18: =G19 -> 35574.8 | H18: =H19 -> 35583.2
A19: 001 | B19: 0104 | C19: 9900000000 | E19: Расходы, не включенные в муниципальные программы | F19: =F20 -> 38403.9 | G19: =G20 -> 35574.8 | H19: =H20 -> 35583.2
A20: 001 | B20: 0104 | C20: 9990000000 | E20: Обеспечение деятельности органов местного самоуправления и учреждений, обеспечивающих их деятельность | F20: =F21 -> 38403.9 | G20: =G21 -> 35574.8 | H20: =H21 -> 35583.2
A21: 001 | B21: 0104 | C21: 9990200000 | E21: Обеспечение деятельности исполнительно-распорядительного органа местного самоуправления | F21: =F25+F22+F30 -> 38403.9 | G21: =G25+G22+G30 -> 35574.8 | H21: =H25+H22+H30 -> 35583.2
A22: 001 | B22: 0104 | C22: 9990210510 | E22: Финансовое обеспечение реализации государственных полномочий по созданию, исполнению полномочий и обеспечению деятельности комиссий по делам несовершеннолетних | F22: =F23 -> 1287.5 | G22: =G23 -> 1295.5 | H22: =H23 -> 1303.9
A23: 001 | B23: 0104 | C23: 9990210510 | D23: 100 | E23: Расходы на выплаты персоналу в целях обеспечения выполнения функций государственными (муниципальными) органами, казенными учреждениями, органами управления государственными внебюджетными фондами | F23: =F24 -> 1287.5 | G23: =G24 -> 1295.5 | H23: =H24 -> 1303.9
A24: 001 | B24: 0104 | C24: 9990210510 | D24: 120 | E24: Расходы на выплаты персоналу государственных (муниципальных) органов | F24: 1287.5 | G24: 1295.5 | H24: 1303.9
A25: 001 | B25: 0104 | C25: 9990225000 | E25: Обеспечение деятельности исполнительно-распорядительных органов местного самоуправления за исключением переданных государственных полномочий | F25: =F26+F28 -> 36727.4 | G25: =G26+G28 -> 34279.3 | H25: =H26+H28 -> 34279.3
A26: 001 | B26: 0104 | C26: 9990225000 | D26: 100 | E26: Расходы на выплаты персоналу в целях обеспечения выполнения функций государственными (муниципальными) органами, казенными учреждениями, органами управления государственными внебюджетными фондами | F26: =F27 -> 34214.2 | G26: =G27 -> 34175.7 | H26: =H27 -> 34175.7
A27: 001 | B27: 0104 | C27: 9990225000 | D27: 120 | E27: Расходы на выплаты персоналу государственных (муниципальных) органов | F27: =34175.7+727-688.5 -> 34214.2 | G27: 34175.7 | H27: 34175.7
A28: 001 | B28: 0104 | C28: 9990225000 | D28: 800 | E28: Иные бюджетные ассигнования | F28: =F29 -> 2513.2 | G28: =G29 -> 103.6 | H28: =H29 -> 103.6
A29: 001 | B29: 0104 | C29: 9990225000 | D29: 850 | E29: Уплата налогов, сборов и иных платежей | F29: =103.6+2651.4-220.9-20.9 -> 2513.2 | G29: 103.6 | H29: 103.6
A30: 001 | B30: 0104 | C30: 9990255492 | E30: Расходы на поощрение за достижение показателей деятельности органов исполнительной власти Тверской области (на поощрение муниципальных управленческих команд) | F30: =F31 -> 389 | G30: =G31 -> 0 | H30: =H31 -> 0
A31: 001 | B31: 0104 | C31: 9990255492 | D31: 100 | E31: Расходы на выплаты персоналу в целях обеспечения выполнения функций государственными (муниципальными) органами, казенными учреждениями, органами управления государственными внебюджетными фондами | F31: =F32 -> 389 | G31: =G32 -> 0 | H31: =H32 -> 0
A32: 001 | B32: 0104 | C32: 9990255492 | D32: 120 | E32: Расходы на выплаты персоналу государственных (муниципальных) органов | F32: 389 | G32: 0 | H32: 0
A33: 001 | B33: 0105 | E33: Судебная система | F33: =F34 -> 210.3 | G33: =G34 -> 19.1 | H33: =H34 -> 20.7
A34: 001 | B34: 0105 | C34: 9900000000 | E34: Расходы, не включенные в муниципальные программы | F34: =F35 -> 210.3 | G34: =G35 -> 19.1 | H34: =H35 -> 20.7
A35: 001 | B35: 0105 | C35: 9930000000 | E35: Мероприятия, не включенные в муниципальные программы муниципального образования город Торжок | F35: =F36 -> 210.3 | G35: =G36 -> 19.1 | H35: =H36 -> 20.7
A36: 001 | B36: 0105 | C36: 9930051200 | E36: Осуществление полномочий по составлению (изменению) списков кандидатов в присяжные заседатели федеральных судов общей юрисдикции в Российской Федерации | F36: =F37 -> 210.3 | G36: =G37 -> 19.1 | H36: =H37 -> 20.7
A37: 001 | B37: 0105 | C37: 9930051200 | D37: 200 | E37: Закупка товаров, работ и услуг для обеспечения государственных (муниципальных ) нужд | F37: =F38 -> 210.3 | G37: =G38 -> 19.1 | H37: =H38 -> 20.7
A38: 001 | B38: 0105 | C38: 9930051200 | D38: 240 | E38: Иные закупки товаров, работ и услуг для обеспечения государственных (муниципальных) нужд | F38: 210.3 | G38: 19.1 | H38: 20.7
A39: 001 | B39: 0107 | E39: Обеспечение проведения выборов и референдумов | F39: =F40 -> 8000 | G39: =G40 -> 0 | H39: =H40 -> 0
A40: 001 | B40: 0107 | C40: 9900000000 | E40: Расходы, не включенные в муниципальные программы | F40: =F41 -> 8000 | G40: =G41 -> 0 | H40: =H41 -> 0
A41: 001 | B41: 0107 | C41: 9930000000 | E41: Мероприятия, не включенные в муниципальные программы муниципального образования город Торжок | F41: =F42 -> 8000 | G41: =G42 -> 0 | H41: =H42 -> 0
A42: 001 | B42: 0107 | C42: 9930020480 | E42: Проведение выборов в представительные органы муниципального образования | F42: =F43 -> 8000 | G42: =G43 -> 0 | H42: =H43 -> 0
A43: 001 | B43: 0107 | C43: 9930020480 | D43: 800 | E43: Иные бюджетные ассигнования | F43: =F44 -> 8000 | G43: =G44 -> 0 | H43: =H44 -> 0
A44: 001 | B44: 0107 | C44: 9930020480 | D44: 880 | E44: Специальные расходы | F44: =4480.2+3519.8 -> 8000 | G44: 0 | H44: 0
A45: 001 | B45: 0108 | E45: Международные отношения и международное сотрудничество | F45: =F46 -> 88.6 | G45: =G46 -> 88.6 | H45: =H46 -> 88.6
A46: 001 | B46: 0108 | C46: 3200000000 | E46: Муниципальная программа муниципального образования город Торжок "Развитие социальной инфраструктуры города Торжка" на 2026 - 2031 годы | F46: =F47 -> 88.6 | G46: =G47 -> 88.6 | H46: =H47 -> 88.6
A47: 001 | B47: 0108 | C47: 3250000000 | E47: Подпрограмма "Формирование благоприятной социальной среды и развитие международных, межмуниципальных связей" | F47: =F48 -> 88.6 | G47: =G48 -> 88.6 | H47: =H48 -> 88.6
A48: 001 | B48: 0108 | C48: 3250500000 | E48: Мероприятие "Развитие международных и межмуниципальных связей" | F48: =F49 -> 88.6 | G48: =G49 -> 88.6 | H48: =H49 -> 88.6
A49: 001 | B49: 0108 | C49: 3250520410 | E49: Участие в работе общественных объединений и ассоциаций муниципальных образований | F49: =F50 -> 88.6 | G49: =G50 -> 88.6 | H49: =H50 -> 88.6
A50: 001 | B50: 0108 | C50: 3250520410 | D50: 800 | E50: Иные бюджетные ассигнования | F50: =F51 -> 88.6 | G50: =G51 -> 88.6 | H50: =H51 -> 88.6
A51: 001 | B51: 0108 | C51: 3250520410 | D51: 860 | E51: Предоставление платежей, взносов, безвозмездных перечислений субъектам международного права | F51: 88.6 | G51: 88.6 | H51: 88.6
A52: 001 | B52: 0113 | E52: Другие общегосударственные вопросы | F52: =F53+F71+F90+F114 -> 39280.1 | G52: =G53+G71+G90+G114 -> 31498.7 | H52: =H53+H71+H90+H114 -> 32367
A53: 001 | B53: 0113 | C53: 3200000000 | E53: Муниципальная программа муниципального образования город Торжок "Развитие социальной инфраструктуры города Торжка" на 2026 - 2031 годы | F53: =F54 -> 1074 | G53: =G54 -> 790.1 | H53: =H54 -> 790.1
A54: 001 | B54: 0113 | C54: 3250000000 | E54: Подпрограмма "Формирование благоприятной социальной среды и развитие международных, межмуниципальных связей" | F54: =F55+F64 -> 1074 | G54: =G55+G64 -> 790.1 | H54: =H55+H64 -> 790.1
A55: 001 | B55: 0113 | C55: 3250200000 | E55: Мероприятие "Поощрение жителей города, добившихся значительных успехов в различных сферах деятельности" | F55: =F56+F61 -> 190.5 | G55: =G56+G61 -> 6.6 | H55: =H56+H61 -> 6.6
A56: 001 | B56: 0113 | C56: 3250220340 | E56: Проведение конкурсов "Лучший по профессии" и "Новотор года" | F56: =F57+F59 -> 183.9 | G56: =G57+G59 -> 0 | H56: =H57+H59 -> 0
A57: 001 | B57: 0113 | C57: 3250220340 | D57: 200 | E57: Закупка товаров, работ и услуг для обеспечения государственных (муниципальных ) нужд | F57: =F58 -> 113.4 | G57: =G58 -> 0 | H57: =H58 -> 0
A58: 001 | B58: 0113 | C58: 3250220340 | D58: 240 | E58: Иные закупки товаров, работ и услуг для обеспечения государственных (муниципальных) нужд | F58: 113.4 | G58: 0 | H58: 0
A59: 001 | B59: 0113 | C59: 3250220340 | D59: 300 | E59: Социальное обеспечение и иные выплаты населению | F59: =F60 -> 70.5 | G59: =G60 -> 0 | H59: =H60 -> 0
A60: 001 | B60: 0113 | C60: 3250220340 | D60: 350 | E60: Премии и гранты | F60: 70.5 | G60: 0 | H60: 0
A61: 001 | B61: 0113 | C61: 3250220360 | E61: Поощрение лиц молодежного возраста, добившихся высоких результатов в учебе и общественной жизни | F61: =F62 -> 6.6 | G61: =G62 -> 6.6 | H61: =H62 -> 6.6
A62: 001 | B62: 0113 | C62: 3250220360 | D62: 300 | E62: Социальное обеспечение и иные выплаты населению | F62: =F63 -> 6.6 | G62: =G63 -> 6.6 | H62: =H63 -> 6.6
A63: 001 | B63: 0113 | C63: 3250220360 | D63: 350 | E63: Премии и гранты | F63: 6.6 | G63: 6.6 | H63: 6.6
A64: 001 | B64: 0113 | C64: 3250500000 | E64: Мероприятие "Развитие международных и межмуниципальных связей" | F64: =F65+F68 -> 883.5 | G64: =G65+G68 -> 783.5 | H64: =H65+H68 -> 783.5
A65: 001 | B65: 0113 | C65: 3250520410 | E65: Участие в работе общественных объединений и ассоциаций муниципальных образований | F65: =F66 -> 156.1 | G65: =G66 -> 156.1 | H65: =H66 -> 156.1
A66: 001 | B66: 0113 | C66: 3250520410 | D66: 800 | E66: Иные бюджетные ассигнования | F66: =F67 -> 156.1 | G66: =G67 -> 156.1 | H66: =H67 -> 156.1
A67: 001 | B67: 0113 | C67: 3250520410 | D67: 850 | E67: Уплата налогов, сборов и иных платежей | F67: 156.1 | G67: 156.1 | H67: 156.1
A68: 001 | B68: 0113 | C68: 3250520460 | E68: Организационное обеспечение проведения мероприятий с участием Главы города | F68: =F69 -> 727.4 | G68: =G69 -> 627.4 | H68: =H69 -> 627.4
A69: 001 | B69: 0113 | C69: 3250520460 | D69: 200 | E69: Закупка товаров, работ и услуг для обеспечения государственных (муниципальных ) нужд | F69: =F70 -> 727.4 | G69: =G70 -> 627.4 | H69: =H70 -> 627.4
A70: 001 | B70: 0113 | C70: 3250520460 | D70: 240 | E70: Иные закупки товаров, работ и услуг для обеспечения государственных (муниципальных) нужд | F70: =627.4+100 -> 727.4 | G70: 627.4 | H70: 627.4
A71: 001 | B71: 0113 | C71: 3500000000 | E71: Муниципальная программа муниципального образования город Торжок "Безопасный город" на 2026 - 2031 годы | F71: =F72+F77 -> 1761.1 | G71: =G72+G77 -> 1761.1 | H71: =H72+H77 -> 1761.1
A72: 001 | B72: 0113 | C72: 3510000000 | E72: Подпрограмма "Обеспечение безопасности территории города" | F72: =F73 -> 42.4 | G72: =G73 -> 42.4 | H72: =H73 -> 42.4
A73: 001 | B73: 0113 | C73: 3510200000 | E73: Мероприятие "Оказание поддержки гражданам и их объединениям, участвующим в охране общественного порядка, создание условий для деятельности народных дружин" | F73: =F74 -> 42.4 | G73: =G74 -> 42.4 | H73: =H74 -> 42.4
A74: 001 | B74: 0113 | C74: 3510220170 | E74: Поощрение народных дружин, участвующих в охране общественного порядка | F74: =F75 -> 42.4 | G74: =G75 -> 42.4 | H74: =H75 -> 42.4
A75: 001 | B75: 0113 | C75: 3510220170 | D75: 100 | E75: Расходы на выплаты персоналу в целях обеспечения выполнения функций государственными (муниципальными) органами, казенными учреждениями, органами управления государственными внебюджетными фондами | F75: =F76 -> 42.4 | G75: =G76 -> 42.4 | H75: =H76 -> 42.4
A76: 001 | B76: 0113 | C76: 3510220170 | D76: 120 | E76: Расходы на выплаты персоналу государственных (муниципальных) органов | F76: 42.4 | G76: 42.4 | H76: 42.4
A77: 001 | B77: 0113 | C77: 3520000000 | E77: Подпрограмма " Обеспечение безопасности муниципальных учреждений" | F77: =F78+F82+F86 -> 1718.7 | G77: =G78+G82+G86 -> 1718.7 | H77: =H78+H82+H86 -> 1718.7
A78: 001 | B78: 0113 | C78: 3520300000 | E78: Мероприятие "Обеспечение пожарной безопасности зданий, сооружений, территорий муниципальных учреждений" | F78: =F79 -> 104.4 | G78: =G79 -> 104.4 | H78: =H79 -> 104.4
A79: 001 | B79: 0113 | C79: 3520320300 | E79: Обеспечение пожарной безопасности | F79: =F80 -> 104.4 | G79: =G80 -> 104.4 | H79: =H80 -> 104.4
A80: 001 | B80: 0113 | C80: 3520320300 | D80: 200 | E80: Закупка товаров, работ и услуг для обеспечения государственных (муниципальных ) нужд | F80: =F81 -> 104.4 | G80: =G81 -> 104.4 | H80: =H81 -> 104.4
A81: 001 | B81: 0113 | C81: 3520320300 | D81: 240 | E81: Иные закупки товаров, работ и услуг для обеспечения государственных (муниципальных) нужд | F81: 104.4 | G81: 104.4 | H81: 104.4
A82: 001 | B82: 0113 | C82: 3520400000 | E82: Мероприятие "Осуществление мероприятий по улучшению условий и охране труда" | F82: =F83 -> 139.4 | G82: =G83 -> 139.4 | H82: =H83 -> 139.4
A83: 001 | B83: 0113 | C83: 3520420300 | E83: Обеспечение улучшения условий и охраны труда | F83: =F84 -> 139.4 | G83: =G84 -> 139.4 | H83: =H84 -> 139.4
A84: 001 | B84: 0113 | C84: 3520420300 | D84: 200 | E84: Закупка товаров, работ и услуг для обеспечения государственных (муниципальных ) нужд | F84: =F85 -> 139.4 | G84: =G85 -> 139.4 | H84: =H85 -> 139.4
A85: 001 | B85: 0113 | C85: 3520420300 | D85: 240 | E85: Иные закупки товаров, работ и услуг для обеспечения государственных (муниципальных) нужд | F85: 139.4 | G85: 139.4 | H85: 139.4
A86: 001 | B86: 0113 | C86: 3520500000 | E86: Мероприятие "Обеспечение охраны объектов (территорий) муниципальных учреждений" | F86: =F87 -> 1474.9 | G86: =G87 -> 1474.9 | H86: =H87 -> 1474.9
A87: 001 | B87: 0113 | C87: 3520520200 | E87: Обеспечение охраны объектов (территорий) | F87: =F88 -> 1474.9 | G87: =G88 -> 1474.9 | H87: =H88 -> 1474.9
A88: 001 | B88: 0113 | C88: 3520520200 | D88: 200 | E88: Закупка товаров, работ и услуг для обеспечения государственных (муниципальных ) нужд | F88: =F89 -> 1474.9 | G88: =G89 -> 1474.9 | H88: =H89 -> 1474.9
A89: 001 | B89: 0113 | C89: 3520520200 | D89: 240 | E89: Иные закупки товаров, работ и услуг для обеспечения государственных (муниципальных) нужд | F89: 1474.9 | G89: 1474.9 | H89: 1474.9
A90: 001 | B90: 0113 | C90: 3600000000 | E90: Муниципальная программа муниципального образования город Торжок "Содействие экономическому развитию города Торжка" на 2026 - 2031 годы | F90: =F109+F97+F91 -> 5601.9 | G90: =G109+G97+G91 -> 26.5 | H90: =H109+H97+H91 -> 26.5
A91: 001 | B91: 0113 | C91: 3610000000 | E91: Подпрограмма "Обеспечение эффективного управления имуществом города и вовлечение его в хозяйственный оборот" | F91: =F92 -> 1641.8 | G91: =G92 -> 0 | H91: =H92 -> 0
A92: 001 | B92: 0113 | C92: 3610100000 | E92: Мероприятие "Управление муниципальным имуществом" | F92: =F93 -> 1641.8 | G92: =G93 -> 0 | H92: =H93 -> 0
A93: 001 | B93: 0113 | C93: 3610300000 | E93: Мероприятие "Приобретение основных средств, не относящихся к объектам недвижимости, органами местного самоуправления" | F93: =F94 -> 1641.8 | G93: =G94 -> 0 | H93: =H94 -> 0
A94: 001 | B94: 0113 | C94: 3610320030 | E94: Приобретение органами местного самоуправления оборудования и других основных средств | F94: =F95 -> 1641.8 | G94: =G95 -> 0 | H94: =H95 -> 0
A95: 001 | B95: 0113 | C95: 3610320030 | D95: 200 | E95: Закупка товаров, работ и услуг для обеспечения государственных (муниципальных ) нужд | F95: =F96 -> 1641.8 | G95: =G96 -> 0 | H95: =H96 -> 0
A96: 001 | B96: 0113 | C96: 3610320030 | D96: 240 | E96: Иные закупки товаров, работ и услуг для обеспечения государственных (муниципальных) нужд | F96: =441.8+1200 -> 1641.8 | G96: 0 | H96: 0
A97: 001 | B97: 0113 | C97: 3620000000 | E97: Подпрограмма "Развитие информационно-коммуникационной инфраструктуры органов местного самоуправления и муниципальных учреждений" | F97: =F98+F105 -> 3600.1 | G97: =G98+G105 -> 0 | H97: =H98+H105 -> 0
A98: 001 | B98: 0113 | C98: 3620100000 | E98: Мероприятие "Обеспечение централизованного размещения городских информационных систем и ресурсов на базе муниципального казенного учреждения" | F98: =F99+F102 -> 3044.9 | G98: =G99+G102 -> 0 | H98: =H99+H102 -> 0
A99: 001 | B99: 0113 | C99: 3620120180 | E99: Обеспечение программное прикладное для решения конкретных отраслевых задач, управления процессами организациии и услуги по его сопровождению | F99: =F100 -> 2171.8 | G99: =G100 -> 0 | H99: =H100 -> 0
A100: 001 | B100: 0113 | C100: 3620120180 | D100: 200 | E100: Закупка товаров, работ и услуг для обеспечения государственных (муниципальных ) нужд | F100: =F101 -> 2171.8 | G100: =G101 -> 0 | H100: =H101 -> 0
A101: 001 | B101: 0113 | C101: 3620120180 | D101: 240 | E101: Иные закупки товаров, работ и услуг для обеспечения государственных (муниципальных) нужд | F101: =2130+41.8 -> 2171.8 | G101: 0 | H101: 0
...

Sheet  № 5  рп, кцср, квр
A1: Приложение 5 к решению Торжокской городской Думы от 23.12.2025 № 29
D2: (в редакции решения Думы Торжокского муниципального округа Тверской области от 22.10.2026 № 97)
A4: Распределение бюджетных ассигнований бюджета муниципального образования город Торжок по разделам, подразделам, целевым статьям (муниципальным программам и непрограммным направлениям деятельности), группам и подгруппам видов расходов классификации расходов бюджетов на 2026 год и на плановый период 2027 и 2028 годов
A5: РП | B5: КЦСР | C5: КВР | D5: Наименование | E5: Сумма, тыс. руб.
E6: 2026 год | F6: плановый период
F7: 2027 год | G7: 2028 год
A8: 1 | B8: 2 | C8: 3 | D8: 4 | E8: 5 | F8: 6 | G8: 7
D9: Всего: | E9: =E10+E195+E219+E279+E427+E695+E750+E794+E884 -> 1837783.6 | F9: =F10+F195+F219+F279+F427+F695+F750+F794+F884 -> 1538973.9 | G9: =G10+G195+G219+G279+G427+G695+G750+G794+G884 -> 1389112.9
A10: 0100 | D10: Общегосударственные вопросы | E10: =E11+E17+E34+E49+E55+E80+E86+E93+E99 -> 132069.3 | F10: =F11+F17+F34+F49+F55+F80+F86+F93+F99 -> 97859.4 | G10: =G11+G17+G34+G49+G55+G80+G86+G93+G99 -> 98737.7
A11: 0102 | D11: Функционирование высшего должностного лица субъекта Российской Федерации и муниципального образования | E11: =E12 -> 3150.3 | F11: =F12 -> 2461.8 | G11: =G12 -> 2461.8
A12: 0102 | B12: 9900000000 | D12: Расходы, не включенные в муниципальные программы | E12: =E13 -> 3150.3 | F12: =F13 -> 2461.8 | G12: =G13 -> 2461.8
A13: 0102 | B13: 9990000000 | D13: Обеспечение деятельности органов местного самоуправления и учреждений, обеспечивающих их деятельность | E13: =E14 -> 3150.3 | F13: =F14 -> 2461.8 | G13: =G14 -> 2461.8
A14: 0102 | B14: 9990021000 | D14: Глава муниципального образования | E14: =E15 -> 3150.3 | F14: =F15 -> 2461.8 | G14: =G15 -> 2461.8
A15: 0102 | B15: 9990021000 | C15: 100 | D15: Расходы на выплаты персоналу в целях обеспечения выполнения функций государственными (муниципальными) органами, казенными учреждениями, органами управления государственными внебюджетными фондами | E15: =E16 -> 3150.3 | F15: =F16 -> 2461.8 | G15: =G16 -> 2461.8
A16: 0102 | B16: 9990021000 | C16: 120 | D16: Расходы на выплаты персоналу государственных (муниципальных) органов | E16: ='№ 4 ведом'!F17 -> 3150.3 | F16: ='№ 4 ведом'!G17 -> 2461.8 | G16: ='№ 4 ведом'!H17 -> 2461.8
A17: 0103 | D17: Функционирование законодательных (представительных) органов государственной власти и представительных органов муниципальных образований | E17: =E18 -> 2694.5 | F17: =F18 -> 2522.9 | G17: =G18 -> 2522.9
A18: 0103 | B18: 9900000000 | D18: Расходы, не включенные в муниципальные программы | E18: =E19 -> 2694.5 | F18: =F19 -> 2522.9 | G18: =G19 -> 2522.9
A19: 0103 | B19: 9990000000 | D19: Обеспечение деятельности органов местного самоуправления и учреждений, обеспечивающих их деятельность | E19: =E20 -> 2694.5 | F19: =F20 -> 2522.9 | G19: =G20 -> 2522.9
A20: 0103 | B20: 9990100000 | D20: Обеспечение деятельности представительного органа местного самоуправления | E20: =E21+E26+E31 -> 2694.5 | F20: =F21+F26+F31 -> 2522.9 | G20: =G21+G26+G31 -> 2522.9
A21: 0103 | B21: 9990123000 | D21: Обеспечение деятельности центрального аппарата Торжокской городской Думы | E21: =E22+E24 -> 1495.3 | F21: =F22+F24 -> 0 | G21: =G22+G24 -> 0
A22: 0103 | B22: 9990123000 | C22: 100 | D22: Расходы на выплаты персоналу в целях обеспечения выполнения функций государственными (муниципальными) органами, казенными учреждениями, органами управления государственными внебюджетными фондами | E22: =E23 -> 1286.9 | F22: =F23 -> 0 | G22: =G23 -> 0
A23: 0103 | B23: 9990123000 | C23: 120 | D23: Расходы на выплаты персоналу государственных (муниципальных) органов | E23: ='№ 4 ведом'!F744 -> 1286.9 | F23: ='№ 4 ведом'!G744 -> 0 | G23: ='№ 4 ведом'!H744 -> 0
A24: 0103 | B24: 9990123000 | C24: 200 | D24: Закупка товаров, работ и услуг для обеспечения государственных (муниципальных ) нужд | E24: =E25 -> 208.4 | F24: =F25 -> 0 | G24: =G25 -> 0
A25: 0103 | B25: 9990123000 | C25: 240 | D25: Иные закупки товаров, работ и услуг для обеспечения государственных (муниципальных) нужд | E25: ='№ 4 ведом'!F746 -> 208.4 | F25: ='№ 4 ведом'!G746 -> 0 | G25: ='№ 4 ведом'!H746 -> 0
A26: 0103 | B26: 9990124000 | D26: Обеспечение деятельности центрального аппарата Думы Торжокского муниципального округа | E26: =E27+E29 -> 1184.2 | F26: =F27+F29 -> 2522.9 | G26: =G27+G29 -> 2522.9
A27: 0103 | B27: 9990124000 | C27: 100 | D27: Расходы на выплаты персоналу в целях обеспечения выполнения функций государственными (муниципальными) органами, казенными учреждениями, органами управления государственными внебюджетными фондами | E27: =E28 -> 609.4 | F27: =F28 -> 1907.5 | G27: =G28 -> 1907.5
A28: 0103 | B28: 9990124000 | C28: 120 | D28: Расходы на выплаты персоналу государственных (муниципальных) органов | E28: ='№ 4 ведом'!F764 -> 609.4 | F28: ='№ 4 ведом'!G764 -> 1907.5 | G28: ='№ 4 ведом'!H764 -> 1907.5
A29: 0103 | B29: 9990124000 | C29: 200 | D29: Закупка товаров, работ и услуг для обеспечения государственных (муниципальных ) нужд | E29: =E30 -> 574.8 | F29: =F30 -> 615.4 | G29: =G30 -> 615.4
A30: 0103 | B30: 9990124000 | C30: 240 | D30: Иные закупки товаров, работ и услуг для обеспечения государственных (муниципальных) нужд | E30: ='№ 4 ведом'!F766 -> 574.8 | F30: ='№ 4 ведом'!G766 -> 615.4 | G30: ='№ 4 ведом'!H766 -> 615.4
A31: 0103 | B31: 9990155492 | D31: Расходы на поощрение за достижение показателей деятельности органов исполнительной власти Тверской области (на поощрение муниципальных управленческих команд) | E31: =E32 -> 15 | F31: =F32 -> 0 | G31: =G32 -> 0
A32: 0103 | B32: 9990155492 | C32: 100 | D32: Расходы на выплаты персоналу в целях обеспечения выполнения функций государственными (муниципальными) органами, казенными учреждениями, органами управления государственными внебюджетными фондами | E32: =E33 -> 15 | F32: =F33 -> 0 | G32: =G33 -> 0
A33: 0103 | B33: 9990155492 | C33: 120 | D33: Расходы на выплаты персоналу государственных (муниципальных) органов | E33: ='№ 4 ведом'!F769 -> 15 | F33: ='№ 4 ведом'!G769 -> 0 | G33: ='№ 4 ведом'!H769 -> 0
A34: 0104 | D34: Функционирование Правительства Российской Федерации, высших исполнительных органов государственной власти субъектов Российской Федерации, местных администраций | E34: =E35 -> 38403.9 | F34: =F35 -> 35574.8 | G34: =G35 -> 35583.2
A35: 0104 | B35: 9900000000 | D35: Расходы, не включенные в муниципальные программы | E35: =E36 -> 38403.9 | F35: =F36 -> 35574.8 | G35: =G36 -> 35583.2
A36: 0104 | B36: 9990000000 | D36: Обеспечение деятельности органов местного самоуправления и учреждений, обеспечивающих их деятельность | E36: =E37 -> 38403.9 | F36: =F37 -> 35574.8 | G36: =G37 -> 35583.2
A37: 0104 | B37: 9990200000 | D37: Обеспечение деятельности исполнительно-распорядительного органа местного самоуправления | E37: =E38+E41+E46 -> 38403.9 | F37: =F38+F41+F46 -> 35574.8 | G37: =G38+G41+G46 -> 35583.2
A38: 0104 | B38: 9990210510 | D38: Финансовое обеспечение реализации государственных полномочий по созданию, исполнению полномочий и обеспечению деятельности комиссий по делам несовершеннолетних | E38: =E39 -> 1287.5 | F38: =F39 -> 1295.5 | G38: =G39 -> 1303.9
A39: 0104 | B39: 9990210510 | C39: 100 | D39: Расходы на выплаты персоналу в целях обеспечения выполнения функций государственными (муниципальными) органами, казенными учреждениями, органами управления государственными внебюджетными фондами | E39: =E40 -> 1287.5 | F39: =F40 -> 1295.5 | G39: =G40 -> 1303.9
A40: 0104 | B40: 9990210510 | C40: 120 | D40: Расходы на выплаты персоналу государственных (муниципальных) органов | E40: ='№ 4 ведом'!F24 -> 1287.5 | F40: ='№ 4 ведом'!G24 -> 1295.5 | G40: ='№ 4 ведом'!H24 -> 1303.9
A41: 0104 | B41: 9990225000 | D41: Обеспечение деятельности исполнительно-распорядительных органов местного самоуправления за исключением переданных государственных полномочий | E41: =E42+E44 -> 36727.4 | F41: =F42+F44 -> 34279.3 | G41: =G42+G44 -> 34279.3
A42: 0104 | B42: 9990225000 | C42: 100 | D42: Расходы на выплаты персоналу в целях обеспечения выполнения функций государственными (муниципальными) органами, казенными учреждениями, органами управления государственными внебюджетными фондами | E42: =E43 -> 34214.2 | F42: =F43 -> 34175.7 | G42: =G43 -> 34175.7
A43: 0104 | B43: 9990225000 | C43: 120 | D43: Расходы на выплаты персоналу государственных (муниципальных) органов | E43: ='№ 4 ведом'!F27 -> 34214.2 | F43: ='№ 4 ведом'!G27 -> 34175.7 | G43: ='№ 4 ведом'!H27 -> 34175.7
A44: 0104 | B44: 9990225000 | C44: 800 | D44: Иные бюджетные ассигнования | E44: =E45 -> 2513.2 | F44: =F45 -> 103.6 | G44: =G45 -> 103.6
A45: 0104 | B45: 9990225000 | C45: 850 | D45: Уплата налогов, сборов и иных платежей | E45: ='№ 4 ведом'!F29 -> 2513.2 | F45: ='№ 4 ведом'!G29 -> 103.6 | G45: ='№ 4 ведом'!H29 -> 103.6
A46: 0104 | B46: 9990255492 | D46: Расходы на поощрение за достижение показателей деятельности органов исполнительной власти Тверской области (на поощрение муниципальных управленческих команд) | E46: =E47 -> 389 | F46: =F47 -> 0 | G46: =G47 -> 0
A47: 0104 | B47: 9990255492 | C47: 100 | D47: Расходы на выплаты персоналу в целях обеспечения выполнения функций государственными (муниципальными) органами, казенными учреждениями, органами управления государственными внебюджетными фондами | E47: =E48 -> 389 | F47: =F48 -> 0 | G47: =G48 -> 0
A48: 0104 | B48: 9990255492 | C48: 120 | D48: Расходы на выплаты персоналу государственных (муниципальных) органов | E48: ='№ 4 ведом'!F32 -> 389 | F48: ='№ 4 ведом'!G32 -> 0 | G48: ='№ 4 ведом'!H32 -> 0
A49: 0105 | D49: Судебная система | E49: =E50 -> 210.3 | F49: =F50 -> 19.1 | G49: =G50 -> 20.7
A50: 0105 | B50: 9900000000 | D50: Расходы, не включенные в муниципальные программы | E50: =E51 -> 210.3 | F50: =F51 -> 19.1 | G50: =G51 -> 20.7
A51: 0105 | B51: 9930000000 | D51: Мероприятия, не включенные в муниципальные программы муниципального образования город Торжок | E51: =E52 -> 210.3 | F51: =F52 -> 19.1 | G51: =G52 -> 20.7
A52: 0105 | B52: 9930051200 | D52: Осуществление полномочий по составлению (изменению) списков кандидатов в присяжные заседатели федеральных судов общей юрисдикции в Российской Федерации | E52: =E53 -> 210.3 | F52: =F53 -> 19.1 | G52: =G53 -> 20.7
A53: 0105 | B53: 9930051200 | C53: 200 | D53: Закупка товаров, работ и услуг для обеспечения государственных (муниципальных ) нужд | E53: =E54 -> 210.3 | F53: =F54 -> 19.1 | G53: =G54 -> 20.7
A54: 0105 | B54: 9930051200 | C54: 240 | D54: Иные закупки товаров, работ и услуг для обеспечения государственных (муниципальных) нужд | E54: ='№ 4 ведом'!F38 -> 210.3 | F54: ='№ 4 ведом'!G38 -> 19.1 | G54: ='№ 4 ведом'!H38 -> 20.7
A55: 0106 | D55: Обеспечение деятельности финансовых, налоговых и таможенных органов и органов финансового (финансово-бюджетного) надзора | E55: =E56 -> 14478.3 | F55: =F56 -> 14196.7 | G55: =G56 -> 14196.7
A56: 0106 | B56: 9900000000 | D56: Расходы, не включенные в муниципальные программы | E56: =E57 -> 14478.3 | F56: =F57 -> 14196.7 | G56: =G57 -> 14196.7
A57: 0106 | B57: 9990000000 | D57: Обеспечение деятельности органов местного самоуправления и учреждений, обеспечивающих их деятельность | E57: =E58+E67 -> 14478.3 | F57: =F58+F67 -> 14196.7 | G57: =G58+G67 -> 14196.7
A58: 0106 | B58: 9990200000 | D58: Обеспечение деятельности исполнительно-распорядительного органа местного самоуправления | E58: =E59+E64 -> 11609.6 | F58: =F59+F64 -> 11343 | G58: =G59+G64 -> 11343
A59: 0106 | B59: 9990225000 | D59: Обеспечение деятельности исполнительно-распорядительных органов местного самоуправления за исключением переданных государственных полномочий | E59: =E60+E62 -> 11445 | F59: =F60+F62 -> 11343 | G59: =G60+G62 -> 11343
A60: 0106 | B60: 9990225000 | C60: 100 | D60: Расходы на выплаты персоналу в целях обеспечения выполнения функций государственными (муниципальными) органами, казенными учреждениями, органами управления государственными внебюджетными фондами | E60: =E61 -> 11358.7 | F60: =F61 -> 11256.7 | G60: =G61 -> 11256.7
A61: 0106 | B61: 9990225000 | C61: 120 | D61: Расходы на выплаты персоналу государственных (муниципальных) органов | E61: ='№ 4 ведом'!F654 -> 11358.7 | F61: ='№ 4 ведом'!G654 -> 11256.7 | G61: ='№ 4 ведом'!H654 -> 11256.7
A62: 0106 | B62: 9990225000 | C62: 800 | D62: Иные бюджетные ассигнования | E62: =E63 -> 86.3 | F62: =F63 -> 86.3 | G62: =G63 -> 86.3
A63: 0106 | B63: 9990225000 | C63: 850 | D63: Уплата налогов, сборов и иных платежей | E63: ='№ 4 ведом'!F656 -> 86.3 | F63: ='№ 4 ведом'!G656 -> 86.3 | G63: ='№ 4 ведом'!H656 -> 86.3
A64: 0106 | B64: 9990255492 | D64: Расходы на поощрение за достижение показателей деятельности органов исполнительной власти Тверской области (на поощрение муниципальных управленческих команд) | E64: =E65 -> 164.6 | F64: =F65 -> 0 | G64: =G65 -> 0
A65: 0106 | B65: 9990255492 | C65: 100 | D65: Расходы на выплаты персоналу в целях обеспечения выполнения функций государственными (муниципальными) органами, казенными учреждениями, органами управления государственными внебюджетными фондами | E65: =E66 -> 164.6 | F65: =F66 -> 0 | G65: =G66 -> 0
A66: 0106 | B66: 9990255492 | C66: 120 | D66: Расходы на выплаты персоналу государственных (муниципальных) органов | E66: ='№ 4 ведом'!F659 -> 164.6 | F66: ='№ 4 ведом'!G659 -> 0 | G66: ='№ 4 ведом'!H659 -> 0
A67: 0106 | B67: 9990400000 | D67: Обеспечение деятельности контрольно-счетного органа муниципального образования | E67: =E68+E71+E74+E77 -> 2868.7 | F67: =F68+F71+F74+F77 -> 2853.7 | G67: =G68+G71+G74+G77 -> 2853.7
A68: 0106 | B68: 9990426000 | D68: Обеспечение деятельности центрального аппарата контрольно-счетного органа муниципального образования | E68: =E69 -> 727.3 | F68: =F69 -> 0 | G68: =G69 -> 0
A69: 0106 | B69: 9990426000 | C69: 100 | D69: Расходы на выплаты персоналу в целях обеспечения выполнения функций государственными (муниципальными) органами, казенными учреждениями, органами управления государственными внебюджетными фондами | E69: =E70 -> 727.3 | F69: =F70 -> 0 | G69: =G70 -> 0
A70: 0106 | B70: 9990426000 | C70: 120 | D70: Расходы на выплаты персоналу государственных (муниципальных) органов | E70: ='№ 4 ведом'!F755 -> 727.3 | F70: ='№ 4 ведом'!G755 -> 0 | G70: ='№ 4 ведом'!H755 -> 0
A71: 0106 | B71: 9990427000 | D71: Председатель контрольно-счетного органа муниципального округа | E71: =E72 -> 1694.1 | F71: =F72 -> 1694.1 | G71: =G72 -> 1694.1
A72: 0106 | B72: 9990427000 | C72: 100 | D72: Расходы на выплаты персоналу в целях обеспечения выполнения функций государственными (муниципальными) органами, казенными учреждениями, органами управления государственными внебюджетными фондами | E72: =E73 -> 1694.1 | F72: =F73 -> 1694.1 | G72: =G73 -> 1694.1
A73: 0106 | B73: 9990427000 | C73: 120 | D73: Расходы на выплаты персоналу государственных (муниципальных) органов | E73: ='№ 4 ведом'!F778 -> 1694.1 | F73: ='№ 4 ведом'!G778 -> 1694.1 | G73: ='№ 4 ведом'!H778 -> 1694.1
A74: 0106 | B74: 9990428000 | D74: Обеспечение деятельности центрального аппарата контрольно-счетного органа муниципального округа | E74: =E75 -> 432.3 | F74: =F75 -> 1159.6 | G74: =G75 -> 1159.6
A75: 0106 | B75: 9990428000 | C75: 100 | D75: Расходы на выплаты персоналу в целях обеспечения выполнения функций государственными (муниципальными) органами, казенными учреждениями, органами управления государственными внебюджетными фондами | E75: =E76 -> 432.3 | F75: =F76 -> 1159.6 | G75: =G76 -> 1159.6
A76: 0106 | B76: 9990428000 | C76: 120 | D76: Расходы на выплаты персоналу государственных (муниципальных) органов | E76: ='№ 4 ведом'!F781 -> 432.3 | F76: ='№ 4 ведом'!G781 -> 1159.6 | G76: ='№ 4 ведом'!H781 -> 1159.6
A77: 0106 | B77: 9990455492 | D77: Расходы на поощрение за достижение показателей деятельности органов исполнительной власти Тверской области (на поощрение муниципальных управленческих команд) | E77: =E78 -> 15 | F77: =F78 -> 0 | G77: =G78 -> 0
A78: 0106 | B78: 9990455492 | C78: 100 | D78: Расходы на выплаты персоналу в целях обеспечения выполнения функций государственными (муниципальными) органами, казенными учреждениями, органами управления государственными внебюджетными фондами | E78: =E79 -> 15 | F78: =F79 -> 0 | G78: =G79 -> 0
A79: 0106 | B79: 9990455492 | C79: 120 | D79: Расходы на выплаты персоналу государственных (муниципальных) органов | E79: ='№ 4 ведом'!F784 -> 15 | F79: ='№ 4 ведом'!G784 -> 0 | G79: ='№ 4 ведом'!H784 -> 0
A80: 0107 | D80: Обеспечение проведения выборов и референдумов | E80: =E81 -> 8000 | F80: =F81 -> 0 | G80: =G81 -> 0
A81: 0107 | B81: 9900000000 | D81: Расходы, не включенные в муниципальные программы | E81: =E82 -> 8000 | F81: =F82 -> 0 | G81: =G82 -> 0
A82: 0107 | B82: 9930000000 | D82: Мероприятия, не включенные в муниципальные программы муниципального образования город Торжок | E82: =E83 -> 8000 | F82: =F83 -> 0 | G82: =G83 -> 0
A83: 0107 | B83: 9930020480 | D83: Проведение выборов в представительные органы муниципального образования | E83: =E84 -> 8000 | F83: =F84 -> 0 | G83: =G84 -> 0
A84: 0107 | B84: 9930020480 | C84: 800 | D84: Иные бюджетные ассигнования | E84: =E85 -> 8000 | F84: =F85 -> 0 | G84: =G85 -> 0
A85: 0107 | B85: 9930020480 | C85: 880 | D85: Специальные расходы | E85: ='№ 4 ведом'!F44 -> 8000 | F85: ='№ 4 ведом'!G44 -> 0 | G85: ='№ 4 ведом'!H44 -> 0
A86: 0108 | D86: Международные отношения и международное сотрудничество | E86: =E87 -> 88.6 | F86: =F87 -> 88.6 | G86: =G87 -> 88.6
A87: 0108 | B87: 3200000000 | D87: Муниципальная программа муниципального образования город Торжок "Развитие социальной инфраструктуры города Торжка" на 2026 - 2031 годы | E87: =E88 -> 88.6 | F87: =F88 -> 88.6 | G87: =G88 -> 88.6
A88: 0108 | B88: 3250000000 | D88: Подпрограмма "Формирование благоприятной социальной среды и развитие международных, межмуниципальных связей" | E88: =E89 -> 88.6 | F88: =F89 -> 88.6 | G88: =G89 -> 88.6
A89: 0108 | B89: 3250500000 | D89: Мероприятие "Развитие международных и межмуниципальных связей" | E89: =E90 -> 88.6 | F89: =F90 -> 88.6 | G89: =G90 -> 88.6
A90: 0108 | B90: 3250520410 | D90: Участие в работе общественных объединений и ассоциаций муниципальных образований | E90: =E91 -> 88.6 | F90: =F91 -> 88.6 | G90: =G91 -> 88.6
A91: 0108 | B91: 3250520410 | C91: 800 | D91: Иные бюджетные ассигнования | E91: =E92 -> 88.6 | F91: =F92 -> 88.6 | G91: =G92 -> 88.6
A92: 0108 | B92: 3250520410 | C92: 860 | D92: Предоставление платежей, взносов, безвозмездных перечислений субъектам международного права | E92: ='№ 4 ведом'!F51 -> 88.6 | F92: ='№ 4 ведом'!G51 -> 88.6 | G92: ='№ 4 ведом'!H51 -> 88.6
A93: 0111 | D93: Резервные фонды | E93: =E94 -> 1875.2 | F93: =F94 -> 500 | G93: =G94 -> 500
A94: 0111 | B94: 9900000000 | D94: Расходы, не включенные в муниципальные программы | E94: =E95 -> 1875.2 | F94: =F95 -> 500 | G94: =G95 -> 500
A95: 0111 | B95: 9910000000 | D95: Резервные фонды | E95: =E96 -> 1875.2 | F95: =F96 -> 500 | G95: =G96 -> 500
A96: 0111 | B96: 9910020000 | D96: Резервный фонд администрации города Торжка | E96: =E97 -> 1875.2 | F96: =F97 -> 500 | G96: =G97 -> 500
A97: 0111 | B97: 9910020000 | C97: 800 | D97: Иные бюджетные ассигнования | E97: =E98 -> 1875.2 | F97: =F98 -> 500 | G97: =G98 -> 500
A98: 0111 | B98: 9910020000 | C98: 870 | D98: Резервные средства | E98: ='№ 4 ведом'!F665 -> 1875.2 | F98: ='№ 4 ведом'!G665 -> 500 | G98: ='№ 4 ведом'!H665 -> 500
A99: 0113 | D99: Другие общегосударственные вопросы | E99: =E100+E118+E137+E169 -> 63168.2 | F99: =F100+F118+F137+F169 -> 42495.5 | G99: =G100+G118+G137+G169 -> 43363.8
A100: 0113 | B100: 3200000000 | D100: Муниципальная программа муниципального образования город Торжок "Развитие социальной инфраструктуры города Торжка" на 2026 - 2031 годы | E100: =E101 -> 1074 | F100: =F101 -> 790.1 | G100: =G101 -> 790.1
A101: 0113 | B101: 3250000000 | D101: Подпрограмма "Формирование благоприятной социальной среды и развитие международных, межмуниципальных связей" | E101: =E102+E111 -> 1074 | F101: =F102+F111 -> 790.1 | G101: =G102+G111 -> 790.1
...

Sheet № 6 МП
A1: Приложение 6 к решению Торжокской городской Думы от 23.12.2025 № 29
C2: (в редакции решения Думы Торжокского муниципального округа Тверской области от 22.10.2026 № 97)
A4: Распределение бюджетных ассигнований по целевым статьям (муниципальным программам и непрограммным направлениям деятельности), группам и подгруппам видов расходов классификации расходов бюджетов на 2026 год и на плановый период 2027 и 2028 годов
A5: КЦСР | B5: КВР | C5: Наименование | D5: Сумма, тыс. руб.
D6: 2026 год | E6: плановый период
E7: 2027 год | F7: 2028 год
A8: 1 | B8: 2 | C8: 3 | D8: 4 | E8: 5 | F8: 6
C9: Всего: | D9: =D10+D155+D281+D374+D426+D475+D526 -> 1837783.6 | E9: =E10+E155+E281+E374+E426+E475+E526 -> 1538973.9 | F9: =F10+F155+F281+F374+F426+F475+F526 -> 1389112.9
A10: 3100000000 | C10: Муниципальная программа муниципального образования город Торжок "Развитие образования города Торжка" на 2026 - 2031 годы | D10: =D11+D106+D130 -> 1146733.8 | E10: =E11+E106+E130 -> 1014318.5 | F10: =F11+F106+F130 -> 936973.3
A11: 3110000000 | C11: Подпрограмма "Общее образование " | D11: =D12+D25+D31+D41+D62+D68+D89+D96+D75+D82 -> 1081269.1 | E11: =E12+E25+E31+E41+E62+E68+E89+E96+E75+E82 -> 952032.3 | F11: =F12+F25+F31+F41+F62+F68+F89+F96+F75+F82 -> 874318.7
A12: 3110100000 | C12: Мероприятие "Оказание муниципальных услуг, выполнение работ муниципальными образовательными организациями, реализующими основные общеобразовательные программы" | D12: =D13+D16+D19+D22 -> 789679.3 | E12: =E13+E16+E19+E22 -> 790250.3 | F12: =F13+F16+F19+F22 -> 795831
A13: 3110110740 | C13: Обеспечение государственных гарантий реализации прав на получение общедоступного и бесплатного дошкольного образования в муниципальных дошкольных образовательных организациях | D13: =D14 -> 213384.5 | E13: =E14 -> 213751.4 | F13: =F14 -> 214533.7
A14: 3110110740 | B14: 600 | C14: Предоставление субсидий бюджетным, автономным учреждениям и иным некоммерческим организациям | D14: =D15 -> 213384.5 | E14: =E15 -> 213751.4 | F14: =F15 -> 214533.7
A15: 3110110740 | B15: 610 | C15: Субсидии бюджетным учреждениям | D15: =' № 5 рп, кцср, квр'!E434 -> 213384.5 | E15: =' № 5 рп, кцср, квр'!F434 -> 213751.4 | F15: =' № 5 рп, кцср, квр'!G434 -> 214533.7
A16: 3110110750 | C16: Обеспечение государственных гарантий реализации прав на получение общедоступного и бесплатного дошкольного, начального общего, основного общего, среднего общего образования в муниципальных общеобразовательных организациях, обеспечение дополнительного образования детей в муниципальных общеобразовательных организациях | D16: =D17 -> 368045.9 | E16: =E17 -> 368661.1 | F16: =F17 -> 371025.9
A17: 3110110750 | B17: 600 | C17: Предоставление субсидий бюджетным, автономным учреждениям и иным некоммерческим организациям | D17: =D18 -> 368045.9 | E17: =E18 -> 368661.1 | F17: =F18 -> 371025.9
A18: 3110110750 | B18: 610 | C18: Субсидии бюджетным учреждениям | D18: =' № 5 рп, кцср, квр'!E501 -> 368045.9 | E18: =' № 5 рп, кцср, квр'!F501 -> 368661.1 | F18: =' № 5 рп, кцср, квр'!G501 -> 371025.9
A19: 3110120010 | C19: Оказание муниципальными учреждениями муниципальных услуг, выполнение работ | D19: =D20 -> 206008.9 | E19: =E20 -> 207837.8 | F19: =F20 -> 210271.4
A20: 3110120010 | B20: 600 | C20: Предоставление субсидий бюджетным, автономным учреждениям и иным некоммерческим организациям | D20: =D21 -> 206008.9 | E20: =E21 -> 207837.8 | F20: =F21 -> 210271.4
A21: 3110120010 | B21: 610 | C21: Субсидии бюджетным учреждениям | D21: =' № 5 рп, кцср, квр'!E437+' № 5 рп, кцср, квр'!E504 -> 206008.9 | E21: =' № 5 рп, кцср, квр'!F437+' № 5 рп, кцср, квр'!F504 -> 207837.8 | F21: =' № 5 рп, кцср, квр'!G437+' № 5 рп, кцср, квр'!G504 -> 210271.4
A22: 31101S1390 | C22: Единовременная выплата к началу учебного года работникам муниципальных образовательных организаций | D22: =D23 -> 2240 | E22: =E23 -> 0 | F22: =F23 -> 0
A23: 31101S1390 | B23: 600 | C23: Предоставление субсидий бюджетным, автономным учреждениям и иным некоммерческим организациям | D23: =D24 -> 2240 | E23: =E24 -> 0 | F23: =F24 -> 0
A24: 31101S1390 | B24: 610 | C24: Субсидии бюджетным учреждениям | D24: =' № 5 рп, кцср, квр'!E440+' № 5 рп, кцср, квр'!E507 -> 2240 | E24: =' № 5 рп, кцср, квр'!F440+' № 5 рп, кцср, квр'!F507 -> 0 | F24: =' № 5 рп, кцср, квр'!G440+' № 5 рп, кцср, квр'!G507 -> 0
A25: 3110200000 | C25: Мероприятие "Обеспечение мер социальной защиты в образовательных организациях, реализующих основные общеобразовательные программы" | D25: =D26 -> 13605.2 | E25: =E26 -> 13605.2 | F25: =F26 -> 13605.2
A26: 3110210500 | C26: Компенсация части родительской платы за присмотр и уход за ребенком в муниципальных образовательных организациях и иных образовательных организациях (за исключением государственных образовательных организаций), реализующих образовательную программу дошкольного образования | D26: =D27+D29 -> 13605.2 | E26: =E27+E29 -> 13605.2 | F26: =F27+F29 -> 13605.2
A27: 3110210500 | B27: 200 | C27: Закупка товаров, работ и услуг для обеспечения государственных (муниципальных ) нужд | D27: =D28 -> 331.8 | E27: =E28 -> 331.8 | F27: =F28 -> 331.8
A28: 3110210500 | B28: 240 | C28: Иные закупки товаров, работ и услуг для обеспечения государственных (муниципальных) нужд | D28: =' № 5 рп, кцср, квр'!E779 -> 331.8 | E28: =' № 5 рп, кцср, квр'!F779 -> 331.8 | F28: =' № 5 рп, кцср, квр'!G779 -> 331.8
A29: 3110210500 | B29: 300 | C29: Социальное обеспечение и иные выплаты населению | D29: =D30 -> 13273.4 | E29: =E30 -> 13273.4 | F29: =F30 -> 13273.4
A30: 3110210500 | B30: 320 | C30: Социальные выплаты гражданам, кроме публичных нормативных социальных выплат | D30: =' № 5 рп, кцср, квр'!E781 -> 13273.4 | E30: =' № 5 рп, кцср, квр'!F781 -> 13273.4 | F30: =' № 5 рп, кцср, квр'!G781 -> 13273.4
A31: 3110300000 | C31: Мероприятие "Организация питания учащихся общеобразовательных учреждений" | D31: =D32+D35+D38 -> 32431.7 | E31: =E32+E35+E38 -> 30322.1 | F31: =F32+F35+F38 -> 29186.5
A32: 31103L3041 | C32: Организация бесплатного горячего питания обучающихся, получающих начальное общее образование в муниципальных образовательных организациях | D32: =D33 -> 25463 | E32: =E33 -> 24840.7 | F32: =F33 -> 23705
A33: 31103L3041 | B33: 600 | C33: Предоставление субсидий бюджетным, автономным учреждениям и иным некоммерческим организациям | D33: =D34 -> 25463 | E33: =E34 -> 24840.7 | F33: =F34 -> 23705
A34: 31103L3041 | B34: 610 | C34: Субсидии бюджетным учреждениям | D34: =' № 5 рп, кцср, квр'!E511 -> 25463 | E34: =' № 5 рп, кцср, квр'!F511 -> 24840.7 | F34: =' № 5 рп, кцср, квр'!G511 -> 23705
A35: 3110320010 | C35: Организация обеспечения питанием учащихся муниципальных общеобразовательных учреждений с ограниченными возможностями здоровья | D35: =D36 -> 5053 | E35: =E36 -> 4500 | F35: =F36 -> 4500
A36: 3110320010 | B36: 600 | C36: Предоставление субсидий бюджетным, автономным учреждениям и иным некоммерческим организациям | D36: =D37 -> 5053 | E36: =E37 -> 4500 | F36: =F37 -> 4500
A37: 3110320010 | B37: 610 | C37: Субсидии бюджетным учреждениям | D37: =' № 5 рп, кцср, квр'!E514 -> 5053 | E37: =' № 5 рп, кцср, квр'!F514 -> 4500 | F37: =' № 5 рп, кцср, квр'!G514 -> 4500
A38: 3110320020 | C38: Организация обеспечения питанием учащихся муниципальных общеобразовательных учреждений, являющихся членами семей участников специальной военной операции | D38: =D39 -> 1915.7 | E38: =E39 -> 981.4 | F38: =F39 -> 981.5
A39: 3110320020 | B39: 600 | C39: Предоставление субсидий бюджетным, автономным учреждениям и иным некоммерческим организациям | D39: =D40 -> 1915.7 | E39: =E40 -> 981.4 | F39: =F40 -> 981.5
A40: 3110320020 | B40: 610 | C40: Субсидии бюджетным учреждениям | D40: =' № 5 рп, кцср, квр'!E517 -> 1915.7 | E40: =' № 5 рп, кцср, квр'!F517 -> 981.4 | F40: =' № 5 рп, кцср, квр'!G517 -> 981.5
A41: 3110500000 | C41: Мероприятие "Проведение капитального ремонта и ремонта объектов недвижимого имущества и (или) особо ценного движимого имущества муниципальными образовательными организациями, реализующими основные общеобразовательные программы" | D41: =D42+D47+D50+D53+D56+D59 -> 184105.8 | E41: =E42+E47+E50+E53+E56+E59 -> 0 | F41: =F42+F47+F50+F53+F56+F59 -> 0
A42: 3110520020 | C42: Проведение капитального ремонта и ремонта муниципальными учреждениями | D42: =D43+D45 -> 5320.1 | E42: =E43+E45 -> 0 | F42: =F43+F45 -> 0
A43: 3110520020 | B43: 200 | C43: Закупка товаров, работ и услуг для обеспечения государственных (муниципальных ) нужд | D43: =D44 -> 4343 | E43: =E44 -> 0 | F43: =F44 -> 0
A44: 3110520020 | B44: 240 | C44: Иные закупки товаров, работ и услуг для обеспечения государственных (муниципальных) нужд | D44: =' № 5 рп, кцср, квр'!E521 -> 4343 | E44: =' № 5 рп, кцср, квр'!F521 -> 0 | F44: =' № 5 рп, кцср, квр'!G521 -> 0
A45: 3110520020 | B45: 600 | C45: Предоставление субсидий бюджетным, автономным учреждениям и иным некоммерческим организациям | D45: =D46 -> 977.1 | E45: =E46 -> 0 | F45: =F46 -> 0
A46: 3110520020 | B46: 610 | C46: Субсидии бюджетным учреждениям | D46: =' № 5 рп, кцср, квр'!E523+' № 5 рп, кцср, квр'!E444 -> 977.1 | E46: =' № 5 рп, кцср, квр'!F523+' № 5 рп, кцср, квр'!F444 -> 0 | F46: =' № 5 рп, кцср, квр'!G523+' № 5 рп, кцср, квр'!G444 -> 0
A47: 31105S0390 | C47: Проведение капитального ремонта и приобретение оборудования в целях обеспечения односменного режима обучения в общеобразовательных организациях | D47: =D48 -> 1500 | E47: =E48 -> 0 | F47: =F48 -> 0
A48: 31105S0390 | B48: 600 | C48: Предоставление субсидий бюджетным, автономным учреждениям и иным некоммерческим организациям | D48: =D49 -> 1500 | E48: =E49 -> 0 | F48: =F49 -> 0
A49: 31105S0390 | B49: 610 | C49: Субсидии бюджетным учреждениям | D49: =' № 5 рп, кцср, квр'!E526 -> 1500 | E49: =' № 5 рп, кцср, квр'!F526 -> 0 | F49: =' № 5 рп, кцср, квр'!G526 -> 0
A50: 31105S0440 | C50: Укрепление материально-технической базы муниципальных общеобразовательных учреждений | D50: =D51 -> 72733.6 | E50: =E51 -> 0 | F50: =F51 -> 0
A51: 31105S0440 | B51: 200 | C51: Закупка товаров, работ и услуг для обеспечения государственных (муниципальных ) нужд | D51: =D52 -> 72733.6 | E51: =E52 -> 0 | F51: =F52 -> 0
A52: 31105S0440 | B52: 240 | C52: Иные закупки товаров, работ и услуг для обеспечения государственных (муниципальных) нужд | D52: =' № 5 рп, кцср, квр'!E529 -> 72733.6 | E52: =' № 5 рп, кцср, квр'!F529 -> 0 | F52: =' № 5 рп, кцср, квр'!G529 -> 0
A53: 31105S1040 | C53: Укрепление материально-технической базы муниципальных дошкольных образовательных организаций | D53: =D54 -> 16673 | E53: =E54 -> 0 | F53: =F54 -> 0
A54: 31105S1040 | B54: 200 | C54: Закупка товаров, работ и услуг для обеспечения государственных (муниципальных ) нужд | D54: =D55 -> 16673 | E54: =E55 -> 0 | F54: =F55 -> 0
A55: 31105S1040 | B55: 240 | C55: Иные закупки товаров, работ и услуг для обеспечения государственных (муниципальных) нужд | D55: =' № 5 рп, кцср, квр'!E447 -> 16673 | E55: =' № 5 рп, кцср, квр'!F447 -> 0 | F55: =' № 5 рп, кцср, квр'!G447 -> 0
A56: 31105L1120 | C56: Реализация мероприятий по капитальному ремонту объектов муниципальной собственности | D56: =D57 -> 67100 | E56: =E57 -> 0 | F56: =F57 -> 0
A57: 31105L1120 | B57: 200 | C57: Закупка товаров, работ и услуг для обеспечения государственных (муниципальных ) нужд | D57: =D58 -> 67100 | E57: =E58 -> 0 | F57: =F58 -> 0
A58: 31105L1120 | B58: 240 | C58: Иные закупки товаров, работ и услуг для обеспечения государственных (муниципальных) нужд | D58: =' № 5 рп, кцср, квр'!E450 -> 67100 | E58: =' № 5 рп, кцср, квр'!F450 -> 0 | F58: =' № 5 рп, кцср, квр'!G450 -> 0
A59: 31105А1120 | C59: Реализация мероприятий по капитальному ремонту объектов муниципальной собственности за счет средств местного бюджета | D59: =D60 -> 20779.1 | E59: =E60 -> 0 | F59: =F60 -> 0
A60: 31105А1120 | B60: 200 | C60: Закупка товаров, работ и услуг для обеспечения государственных (муниципальных ) нужд | D60: =D61 -> 20779.1 | E60: =E61 -> 0 | F60: =F61 -> 0
A61: 31105А1120 | B61: 240 | C61: Иные закупки товаров, работ и услуг для обеспечения государственных (муниципальных) нужд | D61: =' № 5 рп, кцср, квр'!E453 -> 20779.1 | E61: =' № 5 рп, кцср, квр'!F453 -> 0 | F61: =' № 5 рп, кцср, квр'!G453 -> 0
A62: 3110600000 | C62: Мероприятие "Организация отдыха детей в каникулярное время " | D62: =D63 -> 3423.2 | E62: =E63 -> 3423.2 | F62: =F63 -> 3423.2
A63: 31106S0240 | C63: Организация отдыха детей в каникулярное время | D63: =D64+D66 -> 3423.2 | E63: =E64+E66 -> 3423.2 | F63: =F64+F66 -> 3423.2
A64: 31106S0240 | B64: 300 | C64: Социальное обеспечение и иные выплаты населению | D64: =D65 -> 90.3 | E64: =E65 -> 166 | F64: =F65 -> 166
A65: 31106S0240 | B65: 320 | C65: Социальные выплаты гражданам, кроме публичных нормативных социальных выплат | D65: =' № 5 рп, кцср, квр'!E672 -> 90.3 | E65: =' № 5 рп, кцср, квр'!F672 -> 166 | F65: =' № 5 рп, кцср, квр'!G672 -> 166
A66: 31106S0240 | B66: 600 | C66: Предоставление субсидий бюджетным, автономным учреждениям и иным некоммерческим организациям | D66: =D67 -> 3332.9 | E66: =E67 -> 3257.2 | F66: =F67 -> 3257.2
A67: 31106S0240 | B67: 610 | C67: Субсидии бюджетным учреждениям | D67: =' № 5 рп, кцср, квр'!E674 -> 3332.9 | E67: =' № 5 рп, кцср, квр'!F674 -> 3257.2 | F67: =' № 5 рп, кцср, квр'!G674 -> 3257.2
A68: 3110800000 | C68: Мероприятие "Оснащение муниципальных образовательных организаций, реализующих программы дошкольного образования, уличными игровыми комплексами" | D68: =D69+D72 -> 2735 | E68: =E69+E72 -> 0 | F68: =F69+F72 -> 0
A69: 31108S1350 | C69: Оснащение муниципальных дошкольных образовательных организаций уличными игровыми комплексами | D69: =D70 -> 1500 | E69: =E70 -> 0 | F69: =F70 -> 0
A70: 31108S1350 | B70: 600 | C70: Предоставление субсидий бюджетным, автономным учреждениям и иным некоммерческим организациям | D70: =D71 -> 1500 | E70: =E71 -> 0 | F70: =F71 -> 0
A71: 31108S1350 | B71: 610 | C71: Субсидии бюджетным учреждениям | D71: =' № 5 рп, кцср, квр'!E457 -> 1500 | E71: =' № 5 рп, кцср, квр'!F457 -> 0 | F71: =' № 5 рп, кцср, квр'!G457 -> 0
A72: 31108А1350 | C72: Оснащение муниципальных дошкольных образовательных организаций уличными игровыми комплексами за счет средств местного бюджета | D72: =D73 -> 1235 | E72: =E73 -> 0 | F72: =F73 -> 0
A73: 31108А1350 | B73: 600 | C73: Предоставление субсидий бюджетным, автономным учреждениям и иным некоммерческим организациям | D73: =D74 -> 1235 | E73: =E74 -> 0 | F73: =F74 -> 0
A74: 31108А1350 | B74: 610 | C74: Субсидии бюджетным учреждениям | D74: =' № 5 рп, кцср, квр'!E460 -> 1235 | E74: =' № 5 рп, кцср, квр'!F460 -> 0 | F74: =' № 5 рп, кцср, квр'!G460 -> 0
A75: 3111000000 | C75: Мероприятие "Приобретение основных средств, не относящихся к объектам недвижимости муниципальными образовательными организациями, реализующими основные образовательные программы" | D75: =D79+D76 -> 8109.5 | E75: =E79+E76 -> 0 | F75: =F79+F76 -> 0
A76: 3111020030 | C76: Приобретение муниципальными учреждениями оборудования и других основных средств | D76: =D77 -> 3985.5 | E76: =E77 -> 0 | F76: =F77 -> 0
A77: 3111020030 | B77: 600 | C77: Предоставление субсидий бюджетным, автономным учреждениям и иным некоммерческим организациям | D77: =D78 -> 3985.5 | E77: =E78 -> 0 | F77: =F78 -> 0
A78: 3111020030 | B78: 610 | C78: Субсидии бюджетным учреждениям | D78: =' № 5 рп, кцср, квр'!E464 -> 3985.5 | E78: =' № 5 рп, кцср, квр'!F464 -> 0 | F78: =' № 5 рп, кцср, квр'!G464 -> 0
A79: 31110S1120 | C79: Реализация мероприятий по капитальному ремонту объектов муниципальной собственности за счет средств областного и местного бюджетов | D79: =D80 -> 4124 | E79: =E80 -> 0 | F79: =F80 -> 0
A80: 31110S1120 | B80: 200 | C80: Закупка товаров, работ и услуг для обеспечения государственных (муниципальных ) нужд | D80: =D81 -> 4124 | E80: =E81 -> 0 | F80: =F81 -> 0
A81: 31110S1120 | B81: 240 | C81: Иные закупки товаров, работ и услуг для обеспечения государственных (муниципальных) нужд | D81: =' № 5 рп, кцср, квр'!E467 -> 4124 | E81: =' № 5 рп, кцср, квр'!F467 -> 0 | F81: =' № 5 рп, кцср, квр'!G467 -> 0
A82: 3111100000 | C82: Мероприятие "Реализация образовательных проектов в рамках поддержки школьных инициатив Тверской области" | D82: =D86+D83 -> 1949.1 | E82: =E86+E83 -> 0 | F82: =F86+F83 -> 0
A83: 3111120040 | C83: Устройство основания спортивной площадки | D83: =D84 -> 1172 | E83: =E84 -> 0 | F83: =F84 -> 0
A84: 3111120040 | B84: 600 | C84: Предоставление субсидий бюджетным, автономным учреждениям и иным некоммерческим организациям | D84: =D85 -> 1172 | E84: =E85 -> 0 | F84: =F85 -> 0
A85: 3111120040 | B85: 610 | C85: Субсидии бюджетным учреждениям | D85: =' № 5 рп, кцср, квр'!E533 -> 1172 | E85: =' № 5 рп, кцср, квр'!F533 -> 0 | F85: =' № 5 рп, кцср, квр'!G533 -> 0
A86: 31111S8050 | C86: Реализация проекта «Поле возможностей», МБОУ Гимназия № 2 города Торжка | D86: =D87 -> 777.1 | E86: =E87 -> 0 | F86: =F87 -> 0
A87: 31111S8050 | B87: 600 | C87: Предоставление субсидий бюджетным, автономным учреждениям и иным некоммерческим организациям | D87: =D88 -> 777.1 | E87: =E88 -> 0 | F87: =F88 -> 0
A88: 31111S8050 | B88: 610 | C88: Субсидии бюджетным учреждениям | D88: =' № 5 рп, кцср, квр'!E536 -> 777.1 | E88: =' № 5 рп, кцср, квр'!F536 -> 0 | F88: =' № 5 рп, кцср, квр'!G536 -> 0
A89: 311Ю400000 | C89: Мероприятие "Реализация регионального проекта "Все лучшее детям" в рамках национального проекта "Молодежь и дети" | D89: =D90+D93 -> 13060.5 | E89: =E90+E93 -> 82195.2 | F89: =F90+F93 -> 0
A90: 311Ю457500 | C90: Реализация мероприятий по модернизации школьных систем образования | D90: =D91 -> 12389 | E90: =E91 -> 82072.1 | F90: =F91 -> 0
A91: 311Ю457500 | B91: 200 | C91: Закупка товаров, работ и услуг для обеспечения государственных (муниципальных ) нужд | D91: =D92 -> 12389 | E91: =E92 -> 82072.1 | F91: =F92 -> 0
A92: 311Ю457500 | B92: 240 | C92: Иные закупки товаров, работ и услуг для обеспечения государственных (муниципальных) нужд | D92: =' № 5 рп, кцср, квр'!E540 -> 12389 | E92: =' № 5 рп, кцср, квр'!F540 -> 82072.1 | F92: =' № 5 рп, кцср, квр'!G540 -> 0
A93: 311Ю4S7500 | C93: Реализация мероприятий по модернизации школьных систем образования за счет средств областного и местного бюджетов | D93: =D94 -> 671.5 | E93: =E94 -> 123.1 | F93: =F94 -> 0
A94: 311Ю4S7500 | B94: 200 | C94: Закупка товаров, работ и услуг для обеспечения государственных (муниципальных ) нужд | D94: =D95 -> 671.5 | E94: =E95 -> 123.1 | F94: =F95 -> 0
A95: 311Ю4S7500 | B95: 240 | C95: Иные закупки товаров, работ и услуг для обеспечения государственных (муниципальных) нужд | D95: =' № 5 рп, кцср, квр'!E543 -> 671.5 | E95: =' № 5 рп, кцср, квр'!F543 -> 123.1 | F95: =' № 5 рп, кцср, квр'!G543 -> 0
A96: 311Ю600000 | C96: Мероприятие "Реализация регионального проекта "Педагоги и наставники" в рамках национального проекта "Молодежь и дети" | D96: =D100+D97+D103 -> 32169.8 | E96: =E100+E97+E103 -> 32236.3 | F96: =F100+F97+F103 -> 32272.8
A97: 311Ю650501 | C97: Ежемесячное денежное вознаграждение советникам директоров по воспитанию и взаимодействию с детскими общественными объединениями (муниципальных общеобразовательных организаций) | D97: =D98 -> 859.3 | E97: =E98 -> 859.3 | F97: =F98 -> 859.3
A98: 311Ю650501 | B98: 600 | C98: Предоставление субсидий бюджетным, автономным учреждениям и иным некоммерческим организациям | D98: =D99 -> 859.3 | E98: =E99 -> 859.3 | F98: =F99 -> 859.3
A99: 311Ю650501 | B99: 610 | C99: Субсидии бюджетным учреждениям | D99: =' № 5 рп, кцср, квр'!E547 -> 859.3 | E99: =' № 5 рп, кцср, квр'!F547 -> 859.3 | F99: =' № 5 рп, кцср, квр'!G547 -> 859.3
A100: 311Ю651790 | C100: Проведение мероприятий по обеспечению деятельности советников директора по воспитанию и взаимодействию с детскими общественными объединениями в общеобразовательных организациях | D100: =D101 -> 2874.8 | E100: =E101 -> 2941.3 | F100: =F101 -> 2977.8
A101: 311Ю651790 | B101: 600 | C101: Предоставление субсидий бюджетным, автономным учреждениям и иным некоммерческим организациям | D101: =D102 -> 2874.8 | E101: =E102 -> 2941.3 | F101: =F102 -> 2977.8
...

Sheet № 8 АИП 
J1: Приложение 8 к решению Торжокской городской Думы от 23.12.2025 № 29
B2: (в редакции решения Думы Торжокского муниципального округа Тверской области от 22.10.2026 № 97)
A3: Адресная инвестиционная программа
A4: муниципального образования город Торжок на 2026 год и на плановый период 2027 и 2028 годов
A5: № п/п | B5: Наименование | C5: Бюджетополучатель | D5: Лимит местного бюджета (тыс. руб.) | M5: Раздел и подраздел бюджетной классификации расходов
D6: 2026 год | G6: 2027 год | J6: 2028 год
D7: средства местного бюджета | E7: средства вышестоящих бюджетов | F7: всего | G7: средства местного бюджета | H7: средства вышестоящих бюджетов | I7: всего | J7: средства местного бюджета | K7: средства вышестоящих бюджетов | L7: всего
A8: 1 | B8: Жилищно-коммунальное хозяйство | C8: х | D8: =D12+D9 -> 2467.4 | E8: =E12+E9 -> 0 | F8: =F12+F9 -> 2467.4 | G8: =G12+G9 -> 6500 | H8: =H12+H9 -> 0 | I8: =I12+I9 -> 6500 | J8: =J12 -> 0 | K8: =K12 -> 0 | L8: =L12 -> 0 | M8: 0500
A9: 1.1 | B9: Коммунальное хозяйство | D9: =D10 -> 1395.3 | E9: =E10 -> 0 | F9: =F10 -> 1395.3 | G9: =G10+G11 -> 6500 | H9: =H10 -> 0 | I9: =I10+I11 -> 6500 | J9: =J10 -> 0 | K9: =K10 -> 0 | L9: =L10 -> 0 | M9: 0502
A10: 1.1.1. | B10: Выполнение работ по прокладке водопроводной линии от д.4 до д.11 по Республиканскому пер., в г.Торжке | C10: администрация муниципального образования городской округ город Торжок Тверской области | D10: ='[1]№ 4 ведом'!F220 -> 1395.3 | E10: 0 | F10: =SUM(D10:E10) -> 1395.3 | G10: 0 | H10: 0 | I10: =G10+H10 -> 0 | J10: 0 | K10: 0 | L10: =J10+K10 -> 0 | M10: 0502
B11: Строительство блочно-модульной котельной по адресу г. Торжок, Ленинградское шоссе, 12ж | C11: администрация муниципального образования городской округ город Торжок Тверской области | D11: 0 | E11: 0 | F11: =SUM(D11:E11) -> 0 | G11: ='[1]№ 4 ведом'!G220 -> 6500 | H11: 0 | I11: =G11+H11 -> 6500
A12: 1.2. | B12: Благоустройство | C12: х | D12: =D13 -> 1072.1 | E12: =E13 -> 0 | F12: =F13 -> 1072.1 | G12: =G13 -> 0 | H12: =H13 -> 0 | I12: =I13 -> 0 | J12: =J13 -> 0 | K12: =K13 -> 0 | L12: =L13 -> 0 | M12: 0503
A13: 1.2.1. | B13: Выполнение работ по устройству линий уличного освещения г.Торжке: - ул. Калининское шоссе от дома № 51 в сторону выезда из города; - Калининское шоссе (от дома № 18А до дома №28Б); - Калининское шоссе (от дома № 14 Б по Калининскому шоссе до дома № 1 по ул. 1-ая Авиационная); - Ленинградское шоссе (у дома № 33 со стороны подросткового клуба "Хрущовка 2:0"); - ул. Пролетарская, у дома № 36; - ул.Студенческая, у дома №13 | C13: администрация муниципального образования городской округ город Торжок Тверской области | D13: ='[1]№ 4 ведом'!F303 -> 1072.1 | E13: 0 | F13: =SUM(D13:E13) -> 1072.1 | G13: 0 | H13: 0 | I13: =G13+H13 -> 0 | J13: 0 | K13: 0 | L13: =J13+K13 -> 0 | M13: 0503
A14: 2. | B14: Социальная политика | C14: х | D14: =D15 -> 0 | E14: =E15 -> 11043.7 | F14: =SUM(D14:E14) -> 11043.7 | G14: =G15 -> 0 | H14: =H15 -> 5521.9 | I14: =I15 -> 5521.9 | J14: =J15 -> 0 | K14: =K15 -> 0 | L14: =L15 -> 0 | M14: 1000
A15: 2.1. | B15: Охрана семьи и детства | C15: х | D15: =D16 -> 0 | E15: =E16 -> 11043.7 | F15: =SUM(D15:E15) -> 11043.7 | G15: =G16 -> 0 | H15: =H16 -> 5521.9 | I15: =I16 -> 5521.9 | J15: =J16 -> 0 | K15: =K16 -> 0 | L15: =L16 -> 0 | M15: 1004
A16: 2.1.1. | B16: Приобретение в муниципальную собственность жилых помещений | D16: =D17 -> 0 | E16: =E17 -> 11043.7 | F16: =SUM(D16:E16) -> 11043.7 | G16: =G17 -> 0 | H16: =H17 -> 5521.9 | I16: =I17 -> 5521.9 | J16: =J17 -> 0 | K16: =K17 -> 0 | L16: =L17 -> 0 | M16: 1004
A17: 2.1.1.1. | B17: Приобретение в муниципальную собственность жилых помещений детям-сиротам, детям, оставшимся без попечения родителей, лицам из их числа по договорам найма специализированных жилых помещений | C17: Комитет по управлению имуществом муниципального образования городской округ город Торжок Тверской области | D17: 0 | E17: ='[1]№ 4 ведом'!F742 -> 11043.7 | F17: =SUM(D17:E17) -> 11043.7 | G17: 0 | H17: ='[2]№ 4 ведом'!G615 -> 5521.9 | I17: =G17+H17 -> 5521.9 | J17: 0 | K17: 0 | L17: =J17+K17 -> 0 | M17: 1004
B18: Всего: | D18: =D8+D14 -> 2467.4 | E18: =E8+E14 -> 11043.7 | F18: =F8+F14 -> 13511.1 | G18: =G8+G14 -> 6500 | H18: =H8+H14 -> 5521.9 | I18: =I8+I14 -> 12021.9 | J18: =J8+J14 -> 0 | K18: =K8+K14 -> 0 | L18: =L8+L14 -> 0 | M18: х
D22: =#REF!+#REF!+#REF! -> #REF! | E22: =#REF!+#REF!+#REF! -> #REF! | F22: =#REF!+#REF!+#REF! -> #REF! | G22: =#REF!+#REF!+#REF! -> #REF! | H22: =#REF!+#REF!+#REF! -> #REF! | I22: =#REF!+#REF!+#REF! -> #REF! | J22: =#REF!+#REF!+#REF! -> #REF! | K22: =#REF!+#REF!+#REF! -> #REF! | L22: =#REF!+#REF!+#REF! -> #REF!
